 Dungeon Crawl Stone Soup version 0.29.1-12-g30fa7ad0bf (webtiles) character file.

Game seed: 4365825391195427056

1079048 scionoferis the Grand Master (level 27, -2/201 HPs)
             Began as an Octopode Transmuter on Dec 21, 2022.
             Was the Champion of Wu Jian.
             Slain by a bennu (20 damage)
             ... on level 1 of the Tomb of the Ancients on Dec 23, 2022.
             The game lasted 11:20:12 (118590 turns).

scionoferis the Grand Master (OpTm)               Turns: 118590, Time: 11:20:13

Health: -2/201     AC: 17    Str: 36    XL:     27
Magic:  42/56      EV: 30    Int: 44    God:    Wu Jian [******]
Gold:   11956      SH:  6    Dex: 23    Spells: 6/66 levels left

rFire   + + +      SeeInvis +     - Unarmed
rCold   + + +      Faith    .   A - +0 buckler "Hogon" {Str+4}
rNeg    + + +      Spirit   .   l - +2 hat of Biul {Int+7}
rPois   ∞          Reflect  .   X - amulet "Imilak" {rC- Will++ Regen+ Str+5}
rElec   .          Harm     .   P - ring of Ibbufoewk {rF+ rN+ Int+6}
rCorr   .          Rampage  .   g - +6 ring of strength
Will    +++++                   r - ring "Opnehoab" {rPois rF+ Int+4 Dex+4}
Stlth   +++++++...              a - +4 ring of protection
HPRegen 1.23/turn               x - ring of Hospitality {rF+ rC+++ MP+9 Str-4 SInv}
MPRegen 0.35/turn               F - ring "Gaonkal" {rPois rN+ Str+6}
                                h - ring "Vyptakk" {Drain rPois rN+ Dex+9 SInv}
                                L - ring "Siwuopt" {Will++ AC+4 Str+3 Dex-2}

@: lich-form, in a vortex, flying (expiring), studying 4 skills
A: draining attack, torment immunity, no potions, almost no armour, amphibious,
8 rings, camouflage 1, gelatinous body 1, (nimble swimmer 1), tentacles, clever
1, strong 1, noise suppression
}: 10/15 runes: decaying, slimy, silver, abyssal, demonic, glowing, magical,
fiery, dark, gossamer
a: End Transformation, Renounce Religion, Wall Jump, Serpent's Lash, Heavenly
Storm


You were on level 1 of the Tomb of the Ancients.
You worshipped Wu Jian.
Wu Jian was exalted by your worship.
You were an undead lich.
You visited 14 branches of the dungeon, and saw 59 of its levels.
You visited Pandemonium 5 times, and saw 21 of its levels.
You visited the Abyss 3 times.
You visited 1 ziggurat, and saw 14 of its levels.
You also visited: Trove, Gauntlet, Ice Cave and Desolation.

You collected 15119 gold pieces.
You spent 3163 gold pieces at shops.


Innate Abilities, Weirdness & Mutations

You are an undead lich.
Your unarmed attacks are suffused with negative energy.
You are immune to unholy pain and torment.
Your necromantic spells are more powerful.
You cannot drink.
You are immune to poison.
You cannot wear most types of armour.
You are amphibious.
You can wear up to eight rings at the same time.
Your skin changes colour to match your surroundings (Stealth+).
Your rubbery body absorbs attacks. (AC +1, EV +1)
((You are camouflaged when in or above water. (Stealth+)))
You have tentacles for arms and can constrict up to eight enemies at once.
Your mind is acute. (Int +4, Str/Dex -1)
Your muscles are strong. (Str +4, Int/Dex -1)
You passively dampen the noise of your surroundings.


   Skills:
 - Level 20.0 Fighting
 * Level 9.2 Throwing
 - Level 20.0 Dodging
 - Level 15.0 Stealth
 + Level 4.7 Shields
 O Level 27 Unarmed Combat
 + Level 20.3 Spellcasting
 - Level 3.0 Conjurations
 - Level 15.0 Necromancy
 - Level 10.0 Translocations
 + Level 24.0 Transmutations
 - Level 25.0 Ice Magic
 + Level 20.2 Air Magic
 - Level 8.0 Earth Magic
 - Level 3.0 Poison Magic
 - Level 15.0 Evocations


You had 6 spell levels left.
You knew the following spells:

 Your Spells              Type           Power      Damage    Failure   Level
a - Animate Dead          Necr           100%       N/A       0%          4
b - Swiftness             Air            100%       N/A       0%          3
c - Wereblood             Tmut           100%       N/A       0%          2
d - Blink                 Tloc           100%       N/A       0%          2
e - Necromutation         Tmut/Necr      72%        N/A       1%          8
f - Polar Vortex          Ice            66%        N/A       1%          9
g - Statue Form           Tmut/Erth      74%        N/A       1%          6
h - Passwall              Tmut/Erth      92%        N/A       0%          2
i - Manifold Assault      Tloc           93%        N/A       1%          5
j - Apportation           Tloc           100%       N/A       0%          1
k - Storm Form            Tmut/Air       63%        N/A       1%          7
l - Ozocubu's Refrigerat  Ice            66%        4d22      1%          7
m - Passage of Golubria   Tloc           93%        N/A       1%          4

Your spell library contained the following spells:

 Spells                   Type           Power      Damage    Failure   Level
 Beastly Appendage        Tmut           100%       N/A       0%          1
 Freeze                   Ice            100%       1d11      0%          1
 Necrotise                Necr           100%       1d9       0%          1
 Shock                    Conj/Air       100%       1d9       0%          1
 Sting                    Tmut/Pois      100%       1d8       0%          1
 Ensorcelled Hibernation  Hex/Ice        100%       N/A       0%          2
 Poisonous Vapours        Pois/Air       100%       N/A       0%          2
 Static Discharge         Conj/Air       98%        3-16/arc  0%          2
 Frozen Ramparts          Ice            100%       1d16      0%          3
 Spider Form              Tmut/Pois      100%       N/A       0%          3
 Vampiric Draining        Necr           100%       2d13      0%          3
 Airstrike                Air            61%        2d(9-25)  0%          4
 Dispel Undead            Necr           100%       3d31      0%          4
 Ice Form                 Ice/Tmut       100%       N/A       0%          4
 Petrify                  Tmut/Erth      100%       N/A       0%          4
 Blade Hands              Tmut           65%        N/A       0%          5
 Foxfire                  Conj/Fire      100%       2x1d9     1%          1
 Magic Dart               Conj           100%       1d8       1%          1
 Slow                     Hex            100%       N/A       1%          1
 Summon Small Mammal      Summ           100%       N/A       1%          1
 Call Imp                 Summ           44%        N/A       1%          2
 Scorch                   Fire           88%        2d9       1%          2
 Searing Ray              Conj           100%       2d8       1%          2
 Call Canine Familiar     Summ           44%        N/A       1%          3
 Confusing Touch          Hex            44%        N/A       1%          3
 Conjure Flame            Conj/Fire      55%        6-21      1%          3
 Dazzling Flash           Conj/Hex       100%       N/A       1%          3
 Gell's Gravitas          Tloc           93%        N/A       1%          3
 Ignite Poison            Fire/Tmut/Pois 90%        N/A       1%          3
 Inner Flame              Hex/Fire       44%        N/A       1%          3
 Lesser Beckoning         Tloc           93%        N/A       1%          3
 Mephitic Cloud           Conj/Pois/Air  88%        N/A       1%          3
 Stone Arrow              Conj/Erth      100%       3d13      1%          3
 Summon Guardian Golem    Hex/Summ       44%        N/A       1%          3
 Teleport Other           Tloc           93%        N/A       1%          3
 Tukima's Dance           Hex            44%        N/A       1%          3
 Anguish                  Hex/Necr       52%        N/A       1%          4
 Corpse Rot               Necr/Pois/Air  100%       N/A       1%          4
 Hailstorm                Conj/Ice       100%       3d20      1%          4
 Iskenderun's Mystic Bla  Conj/Tloc      80%        2d16      1%          4
 Leda's Liquefaction      Hex/Erth       34%        N/A       1%          4
 Olgreb's Toxic Radiance  Pois           63%        N/A       1%          4
 Summon Ice Beast         Ice/Summ       100%       N/A       1%          4
 Summon Lightning Spire   Summ/Air       93%        N/A       1%          4
 Agony                    Necr           100%       N/A       1%          5
 Freezing Cloud           Conj/Ice/Air   56%        6-21      1%          5
 Lee's Rapid Deconstruct  Erth           43%        3d22*     1%          5
 Lightning Bolt           Conj/Air       49%        1d69      1%          5
 Metabolic Englaciation   Hex/Ice        50%        N/A       1%          5
 Silence                  Hex/Air        46%        N/A       1%          5
 Summon Forest            Summ/Tloc      36%        N/A       1%          5
 Yara's Violent Unravell  Hex/Tmut       50%        3d19      1%          5
 Conjure Ball Lightning   Conj/Air       49%        3x3d17    1%          6
 Death Channel            Necr           66%        N/A       1%          6
 Dispersal                Tloc           46%        N/A       1%          6
 Simulacrum               Ice/Necr       73%        N/A       1%          6
 Flame Wave               Conj/Fire      55%        2d13      3%          4
 Fulminant Prism          Conj/Hex       27%        3d14      3%          4
 Sticky Flame             Conj/Fire      55%        2d7       3%          4
 Iskenderun's Battlesphe  Conj           63%        2d11      4%          5
 Cause Fear               Hex            22%        N/A       6%          4
 Fireball                 Conj/Fire      27%        3d12      9%          5
 Iron Shot                Conj/Erth      37%        9d7       10%         6
 Summon Mana Viper        Hex/Summ       44%        N/A       16%         5
 Starburst                Conj/Fire      27%        6d9       43%         6
 Summon Cactus Giant      Summ           22%        N/A       65%         6
 Dragon Form              Tmut           65%        N/A       1%          7
 Maxwell's Capacitive Co  Air            61%        ∞         1%          8
 Infestation              Necr           66%        N/A       9%          8
 Haunt                    Necr/Summ      52%        N/A       22%         7
 Disjunction              Tloc           46%        N/A       54%         8
 Orb of Destruction       Conj           31%        9d10      82%         7
 Spellforged Servitor     Conj/Summ      27%        N/A       95%         7
 Enfeeble                 Hex            22%        N/A       99%         7
 Monstrous Menagerie      Summ           22%        N/A       99%         7
 Lehudib's Crystal Spear  Conj/Erth      37%        10d9      99%         8
 Discord                  Hex            22%        N/A       100%        8
 Ignition                 Fire           22%        3d8       100%        8
 Dragon's Call            Summ           22%        N/A       100%        9
 Fire Storm               Conj/Fire      27%        8d7       100%        9
 Shatter                  Erth           43%        3d33*     100%        9
 Animate Armour           Summ/Erth      Unusable   N/A       N/A         4

Inventory:

Missiles
 d - 14 silver javelins (quivered)
 C - 7 throwing nets
Armour
 l - the +2 hat of Biul (worn) {Int+7}
   (You found it on level 1 of the Depths)

   Int:       It affects your intelligence (+7).
 A - the +0 buckler "Hogon" (worn) {Str+4}
   (You took it off a cherub in Pandemonium)

   Str:       It affects your strength (+4).
Magical Staves
 b - a staff of air
   (You found it on level 4 of the Dungeon)
Jewellery
 a - a +4 ring of protection (on tentacle)
   (You found it on level 5 of the Pits of Slime)
 g - a +6 ring of strength (right tentacle)
   (You took it off a draconian knight on level 2 of the Realm of Zot)
 h - the ring "Vyptakk" (on tentacle) {Drain rPois rN+ Dex+9 SInv}
   (You found it in a Gauntlet)

   [ring of positive energy]

   Dex:       It affects your dexterity (+9).
   rPois:     It protects you from poison.
   rN:        It protects you from negative energy.
   SInv:      It lets you see invisible.
   Drain:     It drains your maximum health when unequipped.
 r - the ring "Opnehoab" (on tentacle) {rPois rF+ Int+4 Dex+4}
   (You found it in a Gauntlet)

   [ring of protection from fire]

   Int:       It affects your intelligence (+4).
   Dex:       It affects your dexterity (+4).
   rF:        It protects you from fire.
   rPois:     It protects you from poison.
 x - the ring of Hospitality (on tentacle) {rF+ rC+++ MP+9 Str-4 SInv}
   (You bought it in a shop on level 1 of the Depths)

   [ring of protection from fire]

   Str:       It affects your strength (-4).
   rF:        It protects you from fire.
   rC:        It renders you almost immune to cold.
   MP:        It affects your magic capacity (+9).
   SInv:      It lets you see invisible.
 F - the ring "Gaonkal" (on tentacle) {rPois rN+ Str+6}
   (You found it in the Desolation of Salt)

   [ring of strength]

   Str:       It affects your strength (+6).
   rPois:     It protects you from poison.
   rN:        It protects you from negative energy.
 L - the ring "Siwuopt" (on tentacle) {Will++ AC+4 Str+3 Dex-2}
   (You found it on level 3 of the Elven Halls)

   [ring of protection]

   AC:        It affects your AC (+4).
   Str:       It affects your strength (+3).
   Dex:       It affects your dexterity (-2).
   Will:      It greatly increases your willpower.
 P - the ring of Ibbufoewk (left tentacle) {rF+ rN+ Int+6}
   (You bought it in a shop on level 1 of the Depths)

   [ring of protection from fire]

   Int:       It affects your intelligence (+6).
   rF:        It protects you from fire.
   rN:        It protects you from negative energy.
 X - the amulet "Imilak" (around mantle) {rC- Will++ Regen+ Str+5}
   (You found it in Pandemonium)

   [amulet of regeneration]

   Str:       It affects your strength (+5).
   rC:        It makes you vulnerable to cold.
   Regen:     It increases your rate of health regeneration.
   Will:      It greatly increases your willpower.
 Z - the ring "Egraot" {rElec SInv}
   (You found it on level 14 of a ziggurat)

   [ring of see invisible]

   rElec:     It insulates you from electricity.
   SInv:      It lets you see invisible.
Wands
 e - a wand of roots (78)
   (You found it on level 11 of the Dungeon)
 k - a wand of mindburst (24)
   (You found it in Pandemonium)
 H - a wand of paralysis (72)
   (You found it on level 6 of the Dungeon)
 I - a wand of acid (39)
   (You took it off Pikel on level 6 of the Dungeon)
 M - a wand of digging (26)
   (You found it on level 3 of the Spider Nest)
Scrolls
 c - 16 scrolls of butterflies
 i - 10 scrolls of blinking
 j - 20 scrolls of vulnerability
 m - 45 scrolls of teleportation
 n - 11 scrolls of magic mapping
 p - 5 scrolls of summoning
 s - 5 scrolls of silence
 E - a scroll of fear
Potions
 o - 12 potions of ambrosia
 t - 31 potions of heal wounds
 u - 46 potions of curing
 v - 13 potions of might
 w - 7 potions of haste
 B - 19 potions of mutation
 D - 6 potions of resistance
 G - 18 potions of magic
 K - 14 potions of brilliance
 O - 12 potions of invisibility
 Q - 16 potions of cancellation
Miscellaneous
 y - a phial of floods
   (You found it on level 3 of the Crypt)
 N - the horn of Geryon
   (You took it off Geryon in the Vestibule of Hell)
 S - a lightning rod (4/4)
   (You found it on level 3 of the Elven Halls)
 T - a condenser vane
   (You found it on level 4 of the Spider Nest)
 V - a tin of tremorstones (2/2)
   (You found it on level 13 of the Dungeon)
 W - a box of beasts
   (You found it in a Gauntlet)
 Y - a phantom mirror
   (You found it on level 1 of the Elven Halls)

Dungeon Overview and Level Annotations

Branches:
Dungeon (15/15)            Temple (1/1) D:7            Lair (5/5) D:9
  Swamp (4/4) Lair:3       Spider (4/4) Lair:3        Slime (5/5) Lair:5
    Orc (2/2) D:10            Elf (3/3) Orc:2        Vaults (5/5) D:14
  Crypt (3/3) Vaults:3       Tomb (2/3) Crypt:3      Depths (4/4) D:15
   Hell (visited)             Dis (0/7) Hell            Geh (0/7) Hell
    Coc (0/7) Hell            Tar (0/7) Hell            Zot (5/5) Depths:4
  IceCv (visited)         Desolation (visited)      Gauntlet (visited)

Altars:
Ashenzari
Cheibriados
Dithmenos
Elyvilon
Fedhas
Gozag
Hepliaklqana
Kikubaaqudgha
Makhleb
Nemelex Xobeh
Okawaru
Qazlal
Ru
Sif Muna
Trog
Uskayaw
Vehumet
Wu Jian
Xom
Yredelemnul
Zin
The Shining One
Jiyva
Lugonu

Shops:
D:1 *   D:5 ?   D:8 *   Orc:2 ?(![   Elf:2 =[   Vaults:2 *   Vaults:3 (
Vaults:4 (   Vaults:5 =   Depths:1 :==

Portals:
Hell: Depths:1 Depths:2 Depths:3 Depths:4
Abyss: Depths:2 Depths:3
Pandemonium: Depths:2 Depths:4

Annotations:
Zot:5 1 exclusion

.................................
.................)...............
..................)...8...8......
.................................
...##################.......#####
...# ############.8...8(# ...#
.....§.#B.##.......# ...#
.....§B#§.##.......# ...#
..M.WZBL####.8...8.# ...#
..#^zMMbb.##.......# .?.#
#..§§M§§##.......# ...#
#.##.....##.8...8.# ...# .)
......##.......# ...# .
.......##.......# ...#
^....+####.8...8.# ...# ......
#.......# ...# ##'''''##


You could see 2 royal mummies, 2 bennus, a mummy priest, a guardian mummy, a
wraith (summoned), 3 death scarabs, a wight (summoned) and a spriggan defender
skeleton (summoned).


Message History

The ufetubus completely misses you. x4
You blast the ufetubus!!!!!
You kill the ufetubus!
The ufetubus disappears in a puff of smoke!
The ynoxinul gestures.
You blast the ufetubus!!!
Lightning courses through the ufetubus!!
You kill the ufetubus!
The ufetubus disappears in a puff of smoke!
You blast the ufetubus!!!!
Lightning courses through the ufetubus!
You kill the ufetubus!
The ufetubus disappears in a puff of smoke!
You lunge at the ynoxinul, in a flurry of attacks.
You barely miss the ynoxinul. You closely miss the ufetubus.
You blast the ynoxinul!!!!!
You kill the ynoxinul!
The Council accepts your kill.
The ufetubus disappears in a puff of smoke! x4
No target in view!
No target in view!
No target in view!
A chaos spawn comes into view.
The chaos spawn moves out of view.
Unknown command.
No target in view!
Your transformation is almost over.
The ynoxinul bellows!
Really use End Transformation?
Your transformation has ended.
Your staff of air unmelds from your body.
The +2 hat of Biul {Int+7} unmelds from your body.
The +0 buckler "Hogon" {Str+4} unmelds from your body.
Casting: Storm Form (mildly dangerous; 1% risk of failure)
Confirm with . or Enter, or press ? or * to list all spells.
You feel a surge of power!
You turn into a lightning-filled tempest!
Your staff of air melds into your body.
The +2 hat of Biul {Int+7} melds into your body.
The +0 buckler "Hogon" {Str+4} melds into your body.
Your transformation is almost over.
Really use End Transformation?
Your transformation has ended.
Your staff of air unmelds from your body.
The +2 hat of Biul {Int+7} unmelds from your body.
The +0 buckler "Hogon" {Str+4} unmelds from your body.
Unknown command.
Casting: Storm Form (mildly dangerous; 1% risk of failure)
Confirm with . or Enter, or press ? or * to list all spells.
You feel a surge of power!
You turn into a lightning-filled tempest!
Your staff of air melds into your body.
The +2 hat of Biul {Int+7} melds into your body.
The +0 buckler "Hogon" {Str+4} melds into your body.
A large abomination and a sun demon come into view.
The sun demon shouts!
You blast the sun demon!!!!
You kill the sun demon!
The Council accepts your kill.
You strike the helpless large abomination from behind!
You hit the large abomination but do no damage.
The large abomination completely misses you.
You barely miss the large abomination. You punch the large abomination!!
The large abomination is heavily damaged.
You blast the large abomination!!!!
You destroy the large abomination!
The Council accepts your kill.
Your transformation is almost over.
Really use End Transformation?
Your transformation has ended.
Your staff of air unmelds from your body.
The +2 hat of Biul {Int+7} unmelds from your body.
The +0 buckler "Hogon" {Str+4} unmelds from your body.
Casting: Storm Form (mildly dangerous; 1% risk of failure)
Confirm with . or Enter, or press ? or * to list all spells.
You feel a surge of power!
You turn into a lightning-filled tempest!
Your staff of air melds into your body.
The +2 hat of Biul {Int+7} melds into your body.
The +0 buckler "Hogon" {Str+4} melds into your body.
Found 25 gold pieces.
You now have 11877 gold pieces (gained 25).
A sun demon comes into view.
A large abomination comes into view.
The sun demon shouts!
You blast the sun demon!!!!
You kill the sun demon!
The Council accepts your kill.
You lunge at the large abomination, in a flurry of attacks.
You barely miss the large abomination. You punch the large abomination!!
The large abomination is heavily damaged.
You blast the large abomination!!!
You destroy the large abomination!
The Council accepts your kill.
Unknown command.
You lunge at the chaos spawn, in a flurry of attacks.
The chaos spawn's many legs skitter faintly.
You blast the chaos spawn!!!!
You kill the chaos spawn!
The Council accepts your kill.
The chaos spawn degenerates into a cloud of primal chaos!
No target in view!
Your transformation is almost over.
Your transformation has ended.
Your staff of air unmelds from your body.
The +2 hat of Biul {Int+7} unmelds from your body.
The +0 buckler "Hogon" {Str+4} unmelds from your body.
Done exploring.
Unknown command.
Done exploring.
There is a gate leading out of Pandemonium here.
Unknown command.
You pass through the gate.
Welcome back to the Depths!
There is a one-way gate leading to the halls of Pandemonium here.
Items here: ! ( )) === ???? [[[.
You drop the ring "Saschelu" {rPois rC- EV+4 Slay+4 Stlth+}.
You drop the ring "Xion" {rPois rC++ Str-4 Int+8 Dex+3}.
You drop the amulet "Imilak" {rC- Will++ Regen+ Str+5}.
Unknown command.
Save game and exit?
Welcome back, scionoferis the Octopode Transmuter.
The Council says: Follow the path of wisdom and battle!
Press ? for a list of commands and other information.
Unknown command.
Search for what [? for help]? rF+ Unknown command.
Okay, then.
Unknown command.
Unknown command.
Items here: ! " ( )) ===== ???? [[[.
Okay, then.
Unknown command.
Unknown command.
Okay, then.
Unknown command.
You drop the ring of Xom's Attic {Ice Str+7}.
You drop the amulet "Akkeal" {Reflect Dex+2 SH+5}.
Search for what [Enter for "rF+", or ? for help]? amulet
Things that are here:
the amulet "Akkeal" {Reflect Dex+2 SH+5}; the ring of Xom's Attic {Ice Str+7}
Items here: ! " ( )) ===== ???? [[[.
X - the amulet "Imilak" {rC- Will++ Regen+ Str+5} You start removing your amulet.
You continue taking off your amulet of the acrobat. x4
You finish taking off your amulet of the acrobat.
You start putting on your amulet.
You continue putting on the amulet "Imilak" {rC- Will++ Regen+ Str+5}. x5
You finish putting on the amulet "Imilak" {rC- Will++ Regen+ Str+5}.
The amulet "Imilak" throbs as it attunes itself to your uninjured body.
You feel stronger.
X - the amulet "Imilak" (around mantle) {rC- Will++ Regen+ Str+5} Unknown command.
Search for what [Enter for "amulet", or ? for help]? ring && artefact Unknown command.
Unknown command.
There are no items here.
Things that are here:
the amulet "Akkeal" {Reflect Dex+2 SH+5}; the ring of Xom's Attic {Ice Str+7}
Items here: ! ( )) ===== ???? [[[.
q - the ring "Saschelu" {rPois rC- EV+4 Slay+4 Stlth+}
Things that are here:
the amulet "Akkeal" {Reflect Dex+2 SH+5}; the ring of Xom's Attic {Ice Str+7}
Okay, then.
Unknown command.
You drop the ring "Saschelu" {rPois rC- EV+4 Slay+4 Stlth+}.
You drop an amulet of the acrobat.
Unknown command.
You drop 4 scrolls of torment.
Unknown command.
Memorise Passage of Golubria, consuming 4 spell levels and leaving 6?
Okay, then.
Okay, then.
Unknown command.
Memorise Passage of Golubria, consuming 4 spell levels and leaving 6?
You start memorising the spell.
You continue memorising. x4
You finish memorising.
Spell assigned to 'm'.
Okay, then.
Unknown command.
Search for what [Enter for "ring && artefact", or ? for help]? door Can't find anything matching that.
Okay, then.
You are now empty-tentacled.
Unknown command.
Search for what [Enter for "door", or ? for help]?
Okay, then.
Unknown command.
(D) Dungeon (T) Temple (L) Lair (S) Swamp (N) Spider Nest (M) Slime Pits (O) Orcish Mines (E) Elven Halls (V) Vaults (C) Crypt (W) Tomb (U) Depths (H) Hell (I) Dis (G) Gehenna (X) Cocytus (Y) Tartarus (Z) Zot
Where to? (Enter - Depths:2 @ (x,y), ? - help)
Things that are here:
a +0 buckler; a +0 robe; a +6 flail of protection
There is an open door here.
Key pressed, stopping travel.
Done exploring.
Unknown command.
Unknown command.
Unknown command.
(D) Dungeon (T) Temple (L) Lair (S) Swamp (N) Spider Nest (M) Slime Pits (O) Orcish Mines (E) Elven Halls (V) Vaults (C) Crypt (W) Tomb (U) Depths (H) Hell (I) Dis (G) Gehenna (X) Cocytus (Y) Tartarus (Z) Zot
Where to? (Enter - Temple, ? - help)
There is an open door here.
There is a stone staircase leading up here.
You climb upwards.
There is a stone staircase leading down here.
Key pressed, stopping travel.
There is an open door here.
There is an open door here.
There is an open door here.
Things that are here:
a +0 plate armour; a +3 scimitar Unknown command.
(D) Dungeon (T) Temple (L) Lair (S) Swamp (N) Spider Nest (M) Slime Pits (O) Orcish Mines (E) Elven Halls (V) Vaults (C) Crypt (W) Tomb (U) Depths (H) Hell (I) Dis (G) Gehenna (X) Cocytus (Y) Tartarus (Z) Zot
Where to? (Enter - Temple, ? - help)
What level of the Crypt? (default 1, ? - help)
There is a staircase back to the Dungeon here.
You climb upwards.
Welcome back to the Dungeon!
There is a staircase to the Depths here.
Items here: )))) [[[.
There is a stone staircase leading up here.
You climb upwards.
There is a stone staircase leading down here.
There is an open gate, spattered with blood here.
Things that are here:
a +0 plate armour; a +0 long sword; a +0 arbalest
Things that are here:
a +0 robe; a +1 dagger of holy wrath
There is an open gate, spattered with blood here.
Things that are here:
a +0 robe; a +0 dagger
There is an open gate here.
There is an open gate here.
There is a gate to the Vaults, spattered with blood here.
You go down through the gate.
Welcome back to the Vaults!
There is a gate leading back out of this place here.
There is an open door here.
There is an open door here.
There is a stone staircase leading down here.
You climb downwards.
There is a stone staircase leading up here.
There is an open door here.
There is an open door here.
There is a stone staircase leading down here.
You climb downwards.
There is a stone staircase leading up here.
There is an open gate here.
There is an open door here.
There is an open door here.
You see here a +0 shortbow.
You see here 5 javelins.
There is an open door here.
There is a staircase to the Crypt here.
You climb downwards.
Welcome back to the Crypt!
This branch is unnaturally silent: sounds travel farther here.
There is a staircase back to the Vaults here.
There is an open gate here.
There is a large open door here.
There is an open gate here.
Things that are here:
a +0 war axe; a +0 hand axe
There is a stone staircase leading down here.
You climb downwards.
There is a stone staircase leading up here.
There is a stone staircase leading down here.
You climb downwards.
There is a stone staircase leading up here.
There is a large open door here.
There is a large open door here.
Things that are here:
a +0 robe; a +2 dagger of venom
There is an open door here.
There is an open door here.
There is an open door here.
You see here the ring of the Spinneret {Fly rPois rF- rN+ MP+9}.
You see here 6 stones.
You see here a wand of flame (15).
There is a staircase to the Tomb here.
You climb downwards.
Welcome back to the Tomb of the Ancients!
This branch is unnaturally silent: sounds travel farther here.
This branch contains the golden rune of Zot.
There is a staircase back to the Crypt here.
You see here 2 stones.
There is a huge open gate here.
Done exploring.
Done exploring.
There is a large open door here.
There is a one-way staircase leading down here.
Cast which spell? (? or * to list)
Okay, then.
Unknown command.
Okay, then.
Unknown command.
Cast which spell? (? or * to list)
Your body is suffused with negative energy!
Really use End Transformation?
Uppercase [Y]es or [N]o only, please.
Really use End Transformation?
You feel yourself come back to life.
You start resting.
Magic restored.
Really quaff the potion of mutation?
You feel extremely strange.
You feel more energetic.
You feel stupid.
Your tentacle spike disappears.
You feel stronger.
You feel your surroundings grow quieter.
You feel clever.
Unknown command.
You start resting.
Magic restored.
There is a one-way staircase leading down here.
Casting: Necromutation (mildly dangerous; 1% risk of failure)
Confirm with . or Enter, or press ? or * to list all spells.
Your body is suffused with negative energy!
Unknown command.
You slide downwards.
The hatch slams shut behind you.
Found a +4 ring of evasion and a robe.
As you read the scroll of magic mapping, it crumbles to dust.
You feel aware of your surroundings.
Unknown command.
Your muscles tense, ready for explosive movement...
A royal mummy comes into view.
Your supernatural speed expires.
Unknown command.
Found a one-way staircase leading up.
Unknown command.
Casting: Necromutation (mildly dangerous; 1% risk of failure)
Confirm with . or Enter, or press ? or * to list all spells.
You don't know that spell.
Unknown command.
Unknown command.
The helpless ushabti fails to defend itself.
You thrash the ushabti!!!!!
You destroy the ushabti!
The Council accepts your kill.
Unknown command.
You lunge at the royal mummy, in a flurry of attacks.
You bludgeon the royal mummy! You grab the royal mummy.
You squeeze the royal mummy, but do no damage.
The royal mummy is lightly damaged.
You bludgeon the royal mummy! You tentacle-slap the royal mummy.
You squeeze the royal mummy.
The royal mummy is moderately damaged.
You constrict the royal mummy. The royal mummy completely misses you.
Casting: Necromutation (mildly dangerous; 1% risk of failure)
Confirm with . or Enter, or press ? or * to list all spells.
Okay, then.
Unknown command.
You bludgeon the royal mummy! You squeeze the royal mummy.
The royal mummy is moderately damaged.
You constrict the royal mummy!
The royal mummy casts a spell.
You batter the royal mummy!!
The royal mummy is heavily damaged.
You constrict the royal mummy!
Unknown command.
You thrash the royal mummy!!! You tentacle-slap the royal mummy!
You squeeze the royal mummy, but do no damage.
The royal mummy is almost destroyed.
You constrict the royal mummy. The emperor scorpion stings you.
The emperor scorpion completely misses you. x4
The emperor scorpion claws you but does no damage.
The royal mummy closely misses you.
You tentacle-slap the royal mummy.
The royal mummy is almost destroyed.
You constrict the royal mummy.
You destroy the royal mummy!
The Council accepts your kill.
The emperor scorpion disappears in a puff of smoke! x2
You feel extremely nervous for a moment...
You feel weird for a moment.
A mummy priest comes into view.
You lunge at the mummy priest, in a flurry of attacks.
You barely miss the mummy priest. You grab the mummy priest.
You thrash the mummy priest!!! You tentacle-slap the mummy priest!
You squeeze the mummy priest, but do no damage.
The mummy priest is almost destroyed.
You constrict the mummy priest.
The mummy priest invokes the aid of its god against you.
Something smites you!
You thrash the mummy priest!!!
You destroy the mummy priest!
The Council accepts your kill.
You feel extremely nervous for a moment...
You feel horribly lethargic.
You feel yourself slow down.
You batter the ancient champion!! You grab the ancient champion.
You squeeze the ancient champion, but do no damage.
The ancient champion is heavily damaged.
You constrict the ancient champion!
You block the ancient champion's attack.
You thrash the ancient champion!!!
You destroy the ancient champion!
The Council accepts your kill.
You feel less exhausted.
Things that are here:
a +2 vorpal great mace; a +0 chain mail You lunge at the mummy priest.
You thrash the mummy priest!!! You grab the mummy priest.
You tentacle-slap the mummy priest, but do no damage.
You squeeze the mummy priest, but do no damage.
The mummy priest is severely damaged.
You constrict the mummy priest.
The mummy priest prays to its god.
You tentacle-slap the mummy priest. You squeeze the mummy priest.
The mummy priest is almost destroyed.
You constrict the mummy priest! The mummy priest completely misses you.
You thrash the mummy priest!!!
You destroy the mummy priest!
The Council accepts your kill.
The smoke demon disappears in a puff of smoke!
You feel extremely nervous for a moment...
You feel a surge of unholy energy. The mummy barely misses you.
You thrash the mummy!!!
You destroy the mummy!
The Council accepts your kill.
You lunge at the mummy, in a flurry of attacks.
You thrash the mummy!!!!
You destroy the mummy!
The Council accepts your kill.
Unknown command.
You feel yourself speed up.
Things that are here:
a +2 vorpal great mace; a +0 chain mail A mummy priest comes into view.
The mummy priest moves out of view.
A guardian mummy comes into view.
You strike the helpless mummy priest from behind!
You thrash the mummy priest!!!!
You destroy the mummy priest!
The Council accepts your kill.
You feel extremely nervous for a moment...
You feel weird for a moment.
You see here 16 gold pieces.
You now have 11893 gold pieces (gained 16).
A royal mummy comes into view.
The helpless ushabti fails to defend itself.
You thrash the ushabti!!!!!
You destroy the ushabti!
The Council accepts your kill.
The mummy priest prays to its god.
The mummy priest prays to its god.
The harpy simulacrum claws you! The harpy simulacrum freezes you. You resist.
The harpy simulacrum claws you but does no damage.
You thrash the harpy simulacrum!!!
The harpy simulacrum vaporises!
Things that are here:
a +2 vorpal great mace; a +0 chain mail You start resting.
HP restored.
A shadow wraith is nearby!
The shadow wraith gives a chilling moan.
You thrash the shadow wraith!!!
You destroy the shadow wraith!
The shadow wraith disappears in a puff of smoke!
You hear a hideous shriek!
The flying skull closely misses you. You block the flying skull's attack.
You bludgeon the flying skull! You grab the flying skull.
You squeeze the flying skull.
The flying skull is severely damaged.
You constrict the flying skull. You thrash the flying skull!!!
You destroy the flying skull!
The flying skull disappears in a puff of smoke!
The spectral spriggan defender barely misses you.
You batter the spectral spriggan defender!!
You squeeze the spectral spriggan defender, but do no damage.
The spectral spriggan defender is moderately damaged.
The spectral spriggan defender closely misses you.
You closely miss the spectral spriggan defender.
You squeeze the spectral spriggan defender.
The spectral spriggan defender is moderately damaged.
The spectral spriggan defender barely misses you.
You thrash the spectral spriggan defender!!!
You tentacle-slap the spectral spriggan defender!
You destroy the spectral spriggan defender!
The spectral spriggan defender disappears in a puff of smoke!
You bludgeon the shadow wraith!
You squeeze the shadow wraith, but do no damage.
The shadow wraith is moderately damaged.
The shadow wraith completely misses you.
You thrash the shadow wraith!!!
You destroy the shadow wraith!
The shadow wraith disappears in a puff of smoke!
You tentacle-slap the mummy priest but do no damage.
You grab the mummy priest. You constrict the mummy priest.
You batter the mummy priest!! You tentacle-slap the mummy priest!!
You destroy the mummy priest!
The Council accepts your kill.
You feel extremely nervous for a moment...
You feel weird for a moment. The ushabti completely misses you.
Unknown command.
You batter the ushabti!! You grab the ushabti. You squeeze the ushabti!
The ushabti is almost destroyed.
You constrict the ushabti. The mummy closely misses you.
You tentacle-slap the ushabti but do no damage.
You squeeze the ushabti.
You destroy the ushabti!
The Council accepts your kill.
You thrash the mummy!!!
You destroy the mummy!
The Council accepts your kill.
Things that are here:
a +2 vorpal great mace; a +0 chain mail Your transformation is almost over.
Casting: Necromutation (mildly dangerous; 1% risk of failure)
Confirm with . or Enter, or press ? or * to list all spells.
You feel a surge of power!
You extend your transformation's duration.
Found a potion of curing.
You lunge at the royal mummy, in a flurry of attacks.
The helpless royal mummy fails to defend itself.
You thrash the royal mummy!!!!! You grab the royal mummy.
You tentacle-slap the royal mummy! You squeeze the royal mummy!!
The royal mummy is almost destroyed.
You completely miss the royal mummy. You tentacle-slap the royal mummy!
You destroy the royal mummy!
The Council accepts your kill.
You feel extremely nervous for a moment...
You feel weird for a moment.
You thrash the guardian mummy!!!
You destroy the guardian mummy!
The Council accepts your kill.
You feel extremely nervous for a moment...
You feel weird for a moment.
Unknown command.
u - 46 potions of curing (gained 1)
Found a faintly glowing leather armour.
A mummy comes into view.
A royal mummy comes into view.
Found 15 gold pieces.
The royal mummy mumbles some strange words.
You block the death scarab's attack.
Found a robe.
You spin and attack the death scarab repeatedly.
You thrash the death scarab!!!
You destroy the death scarab!
The death scarab's corpse disappears in a puff of smoke!
The royal mummy hits you but does no damage.
The death scarab barely misses you.
You thrash the royal mummy!!! You grab the royal mummy.
You tentacle-slap the royal mummy, but do no damage.
The royal mummy is moderately damaged.
You constrict the royal mummy.
You hear a shout!
You block the death scarab's attack.
You batter the royal mummy!! You tentacle-slap the royal mummy!
The royal mummy is heavily damaged.
You constrict the royal mummy. You block the death scarab's attack.
You block the royal mummy's attack.
You thrash the royal mummy!!! You tentacle-slap the royal mummy!!
You squeeze the royal mummy.
You destroy the royal mummy!
The Council accepts your kill.
The death scarab disappears in a puff of smoke!
You feel extremely nervous for a moment...
You feel a surge of unholy energy.
You see here 15 gold pieces.
You now have 11908 gold pieces (gained 15).
You bludgeon the mummy! You grab the mummy.
The mummy is severely damaged.
You constrict the mummy. You batter the mummy!!
You destroy the mummy!
The Council accepts your kill.
A guardian mummy comes into view.
Found a book of Hexes.
Found 22 gold pieces.
A royal mummy comes into view.
The royal mummy mumbles some strange words.
The royal mummy gestures wildly while chanting.
You spin and attack the death scarab.
The death scarab's many legs skitter faintly.
You tentacle-slap the death scarab but do no damage.
You grab the death scarab. You tentacle-slap the death scarab!
You squeeze the death scarab!
The death scarab is almost destroyed.
You constrict the death scarab. The death scarab completely misses you.
The death scarab struggles to escape constriction.
The death scarab waves its antennae.
The royal mummy casts a spell at you. Something smites you!
The death scarab struggles to escape constriction.
The death scarab sets off the alarm!
The alarm trap emits a blaring wail!
A sentinel's mark forms upon you.
You hear a hideous shriek! x4; You hear a screech! x2
Casting: Necromutation (mildly dangerous; 1% risk of failure)
Confirm with . or Enter, or press ? or * to list all spells.
A great freezing vortex appears and lifts you up.
You destroy the death scarab!
The death scarab's corpse disappears in a puff of smoke!
You block the death scarab's attack.
The death scarab waves its antennae.
The death scarab closely misses you.
You barely miss the guardian mummy. You squeeze the guardian mummy!
The guardian mummy is heavily damaged.
You destroy the guardian mummy!
The Council accepts your kill.
You feel extremely nervous for a moment...
You feel weird for a moment. The death scarab closely misses you. x2
You barely miss the death scarab. You grab the death scarab.
The death scarab is severely damaged.
You destroy the death scarab!
The death scarab's corpse disappears in a puff of smoke!
You destroy the death scarab!
The death scarab's corpse disappears in a puff of smoke!
You destroy the death scarab!
The death scarab's corpse disappears in a puff of smoke!
You destroy the death scarab!
The death scarab's corpse disappears in a puff of smoke!
The royal mummy gestures wildly while chanting.
You lunge at the death scarab.
You tentacle-slap the death scarab. You grab the death scarab.
You squeeze the death scarab!
The death scarab is severely damaged.
You destroy the death scarab!
The death scarab's corpse disappears in a puff of smoke!
You spin and attack the death scarab repeatedly.
You batter the death scarab!!
You destroy the death scarab!
The death scarab's corpse disappears in a puff of smoke!
The royal mummy gestures wildly while chanting.
You batter the royal mummy!! You grab the royal mummy.
The royal mummy is heavily damaged.
You lose your grip on something.
You tentacle-slap the royal mummy. You grab the royal mummy.
You squeeze the royal mummy, but do no damage.
The royal mummy is heavily damaged.
You lose your grip on something.
The emperor scorpion completely misses you.
The emperor scorpion barely misses you.
The emperor scorpion claws you but does no damage.
You block the emperor scorpion's attack.
The emperor scorpion misses you.
The emperor scorpion closely misses you.
Something unseen breaks down the door.
The royal mummy hits you!
You thrash the royal mummy!!! You grab the royal mummy.
You squeeze the royal mummy, but do no damage.
The royal mummy is almost destroyed.
You destroy the royal mummy!
The Council accepts your kill.
The emperor scorpion disappears in a puff of smoke! x3
You feel extremely nervous for a moment...
You feel horribly lethargic.
You feel yourself slow down.
Your Throwing skill increases to level 9!
Your Transmutations skill increases to level 24!
The winds around you start to calm down.
You float gracefully downwards.
A mummy comes into view.
You are engulfed in whirling frost.
An ushabti comes into view.
You see here 22 gold pieces.
You now have 11930 gold pieces (gained 22).
The winds around you calm down.
The ushabti shakes and rattles deafeningly!
The ushabti gestures stiffly at you.
You convulse!
The mummy completely misses you.
You tentacle-slap the mummy. You grab the mummy. You tentacle-slap the mummy.
You squeeze the mummy.
The mummy is severely damaged.
You constrict the mummy!
You destroy the mummy!
The Council accepts your kill. The ushabti gestures stiffly at you.
You convulse!
A lich comes into view.
The ushabti gestures stiffly at you.
You convulse!
You lunge at the ushabti.
You tentacle-slap the ushabti but do no damage.
You grab the ushabti.
You tentacle-slap the ushabti, but do no damage.
You constrict the ushabti!
The ushabti shakes and rattles deafeningly!
Unknown command.
You thrash the ushabti!!!
You destroy the ushabti!
The Council accepts your kill.
A mummy comes into view.
You bludgeon the lich! You grab the lich. You tentacle-slap the lich.
The lich is lightly damaged.
You constrict the lich. You thrash the lich!!!
The lich is severely damaged.
You constrict the lich! The lich touches you!
You tentacle-slap the lich but do no damage.
You squeeze the lich.
The lich is almost destroyed.
You constrict the lich.
You destroy the lich!
The Council accepts your kill.
You thrash the mummy!!!
You destroy the mummy!
The Council accepts your kill.
Found 26 gold pieces.
There is a broken door here.
You now have 11956 gold pieces (gained 26).
Your transformation is almost over.
You feel yourself speed up.
There are no items here.
The sentinel's mark upon you fades away.
You start resting.
You feel yourself come back to life.
HP restored.
Casting: Polar Vortex (dangerous; 2% risk of failure)
Confirm with . or Enter, or press ? or * to list all spells.
Your body is suffused with negative energy!
There is a broken door here.
Magic restored.
You see here a +4 ring of evasion.
You see here the +1 leather armour of Efilimp {rC+ rN+ Dex+2}.
You open the door.
An ushabti comes into view.
There is an open door here.
The helpless ushabti fails to defend itself.
You bludgeon the ushabti! You grab the ushabti. You tentacle-slap the ushabti.
The ushabti is moderately damaged.
You constrict the ushabti, but do no damage.
The ushabti completely misses you.
You tentacle-slap the ushabti. You tentacle-slap the ushabti!
The ushabti is almost destroyed.
You constrict the ushabti. You batter the ushabti!!
You destroy the ushabti!
The Council accepts your kill.
You open the door.
A bennu and a mummy come into view.
There is an open door here.
A mummy comes into view.
A guardian mummy comes into view.
You batter the mummy!!
You destroy the mummy!
The Council accepts your kill.
The bennu screeches!
A mummy priest comes into view.
You lunge at the bennu, in a flurry of attacks.
You barely miss the bennu. You grab the bennu. You tentacle-slap the bennu!!
The bennu is heavily wounded.
You batter the bennu!! You squeeze the bennu!
The bennu is almost dead.
You constrict the bennu! The Council accepts your kill.
The bennu renews itself in a burst of flame!
The bennu blazes out!
The pyre of ghostly fire engulfs the bennu.
The bennu completely resists.
The pyre of ghostly fire engulfs you but does no damage.
You resist.
You tentacle-slap the bennu. You grab the bennu. You tentacle-slap the bennu!!
The bennu is heavily wounded.
You constrict the bennu. You tentacle-slap the bennu. You squeeze the bennu!
The bennu is severely wounded.
You constrict the bennu.
The bennu's plumage briefly flares with an otherwordly flame.
The bennu misses you. The bennu barely misses you.
The bennu completely misses you.
The mummy priest mumbles some strange prayers to its god against you.
Something smites you!
You thrash the bennu!!! The Council accepts your kill.
The bennu, emptied of spiritual energy, fades out from this realm.
The bennu blazes out!
The pyre of ghostly fire engulfs you but does no damage.
You resist.
A mummy comes into view.
Found a pair of gloves.
You bludgeon the mummy! You grab the mummy. You tentacle-slap the mummy!
You destroy the mummy!
The Council accepts your kill.
You lunge at the guardian mummy.
You batter the guardian mummy!! You tentacle-slap the guardian mummy!
You destroy the guardian mummy!
The Council accepts your kill.
You feel extremely nervous for a moment...
You feel horribly lethargic.
You feel yourself slow down.
You batter the mummy priest!! You grab the mummy priest.
You squeeze the mummy priest!
The mummy priest is moderately damaged.
You constrict the mummy priest! You block the mummy priest's attack.
You tentacle-slap the mummy priest but do no damage.
You tentacle-slap the mummy priest. You squeeze the mummy priest!
The mummy priest is severely damaged.
You constrict the mummy priest.
Unknown command.
You thrash the mummy priest!!!
You destroy the mummy priest!
The Council accepts your kill.
You feel extremely nervous for a moment...
You hear strange and distant voices.
You block the mummy's attack.
You spin and attack the mummy.
You thrash the mummy!!!
You destroy the mummy!
The Council accepts your kill.
You start resting.
You feel yourself speed up.
There is an open door here.
You open the door.
A guardian mummy, an ushabti, a mummy and a bennu come into view.
Your muscles tense, ready for explosive movement...
There is an open door here.
Your supernatural speed expires.
You lunge at the bennu, in a flurry of attacks.
The helpless bennu fails to defend itself.
You thrash the bennu!!!!! The Council accepts your kill.
You spin and attack the mummy repeatedly.
The helpless mummy fails to defend itself.
You bludgeon the mummy! You grab the mummy. You tentacle-slap the mummy!
You destroy the mummy!
The Council accepts your kill.
The bennu blazes out!
The pyre of ghostly fire engulfs you but does no damage.
You resist.
The pyre of ghostly fire engulfs the ushabti.
The ushabti completely resists.
The pyre of ghostly fire engulfs the guardian mummy.
The guardian mummy completely resists.
The pyre of ghostly fire engulfs the bennu.
The bennu completely resists.
Your transformation is almost over.
The ushabti hits you but does no damage.
You batter the ushabti!! You grab the ushabti.
You squeeze the ushabti, but do no damage.
The ushabti is severely damaged.
You constrict the ushabti. You thrash the ushabti!!!
You destroy the ushabti!
The Council accepts your kill.
You thrash the guardian mummy!!!
You destroy the guardian mummy!
The Council accepts your kill.
You feel extremely nervous for a moment...
You feel weird for a moment. The bennu completely misses you.
The bennu misses you. The bennu completely misses you.
You tentacle-slap the bennu. You grab the bennu. You squeeze the bennu!
The bennu is moderately wounded.
You constrict the bennu. The bennu completely misses you. The bennu misses you.
You block the bennu's attack.
You batter the bennu!! You tentacle-slap the bennu!
The bennu is severely wounded.
You constrict the bennu. You block the bennu's attack.
The bennu claws you but does no damage. The bennu completely misses you.
You batter the bennu!! The Council accepts your kill.
The bennu, emptied of spiritual energy, fades out from this realm.
The bennu blazes out!
The pyre of ghostly fire engulfs you but does no damage.
You resist.
Unknown command.
You start waiting.
You feel yourself come back to life.
You feel less exhausted.
You open the door.
A mummy comes into view.
There is an open door here.
You lunge at the mummy, in a flurry of attacks.
The helpless mummy fails to defend itself.
You bludgeon the mummy! Your grab misses the mummy.
You tentacle-slap the mummy.
You destroy the mummy!
The Council accepts your kill.
There is an open door here.
There is an open door here.
There is an open door here.
You open the door.
A mummy comes into view.
Casting: Necromutation (mildly dangerous; 1% risk of failure)
Confirm with . or Enter, or press ? or * to list all spells.
Your body is suffused with negative energy!
There is an open door here.
You bludgeon the mummy! You grab the mummy.
The mummy is severely damaged.
You constrict the mummy.
You destroy the mummy!
The Council accepts your kill.
Magic restored. 2 flying skulls come into view.
The flying skull moves out of view. x2
Unknown command.
A mummy comes into view.
There is an open door here.
You catch the helpless flying skull completely off-guard!
You batter the flying skull!!
You destroy the flying skull!
The Council accepts your kill.
There is an open door here.
A flying skull comes into view.
You batter the mummy!!
You destroy the mummy!
The Council accepts your kill.
A flying skull comes into view.
You lunge at the flying skull.
You thrash the flying skull!!!
You destroy the flying skull!
The Council accepts your kill.
A mummy comes into view.
There is an open door here.
Found 5 stones.
Found a one-way staircase leading up.
You block the mummy's attack.
You bludgeon the mummy! You grab the mummy. You squeeze the mummy!
You destroy the mummy!
The Council accepts your kill.
There is an open door here.
Done exploring.
Unknown command.
Done exploring.
There is an open door here.
There is an open door here.
There is an open door here.
You lunge at the flying skull, in a flurry of attacks.
The flying skull gives a hideous shriek!
You bludgeon the flying skull! Your grab misses the flying skull.
Your tentacle-slap misses the flying skull.
The flying skull is heavily damaged.
You closely miss the flying skull. You grab the flying skull.
You tentacle-slap the flying skull!
You destroy the flying skull!
The Council accepts your kill.
Your transformation is almost over.
Casting: Necromutation (mildly dangerous; 1% risk of failure)
Confirm with . or Enter, or press ? or * to list all spells.
You feel a surge of power!
You extend your transformation's duration.
Unknown command.
You see here a +4 ring of evasion.
There is a one-way staircase leading up here.
Casting: Necromutation (mildly dangerous; 1% risk of failure)
Confirm with . or Enter, or press ? or * to list all spells.
You feel a surge of power!
You extend your transformation's duration.
A mysterious force pulls you upwards. The hatch slams shut behind you.
There is a one-way staircase leading down here.
There is a one-way staircase leading down here.
You slide downwards.
The hatch slams shut behind you.
There is an open door here.
Magic restored.
There is an open door here.
There is an open door here.
There is a one-way staircase leading up here.
A mysterious force pulls you upwards. The hatch slams shut behind you.
Casting: Necromutation (mildly dangerous; 1% risk of failure)
Confirm with . or Enter, or press ? or * to list all spells.
You feel a surge of power!
You extend your transformation's duration.
You open the door.
A royal mummy, a mummy priest and 2 bennus come into view.
Found a long sword.
A royal mummy comes into view.
The bennu screeches! x2
The bennu drops a net on you.
You become entangled in the net!
There is an open door here.
You see here a throwing net.
Unknown command.
You tear a large gash into the net.
The bennu's plumage briefly flares with an otherwordly flame.
Unknown command.
You struggle against the net.
The bennu pecks you! The bennu sears you!!
The bennu claws you! x2; The royal mummy hits you!!
The bennu completely misses you. The bennu claws you! The bennu misses you.
A guardian mummy comes into view.
You struggle against the net.
The bennu misses you. The bennu claws you. The bennu claws you!
The royal mummy hits you but does no damage.
The mummy priest prays to its god.
Unknown command.
You rip the net and break free!
The bennu pecks you but does no damage. The bennu completely misses you.
The bennu misses you.
The royal mummy casts a spell.
The royal mummy points at you and mumbles some strange words.
Something smites you! The bennu misses you.
The bennu claws you but does no damage. You block the bennu's attack.
Casting: Necromutation (mildly dangerous; 1% risk of failure)
Confirm with . or Enter, or press ? or * to list all spells.
A great freezing vortex appears and lifts you up.
The death scarab closely misses you. The bennu completely misses you.
The bennu claws you! You block the bennu's attack.
The bennu completely misses you. The bennu claws you!
The bennu claws you but does no damage.
The death scarab completely misses you. x2
The royal mummy gestures at you while chanting.
Something smites you!
The bennu's plumage briefly flares with an otherwordly flame.
The bennu pecks you!
* * * LOW HITPOINT WARNING * * *
The bennu sears you!!
* * * LOW HITPOINT WARNING * * *
The bennu claws you!
* * * LOW HITPOINT WARNING * * *
The bennu completely misses you. The bennu pecks you.
* * * LOW HITPOINT WARNING * * *
The bennu sears you!!
You die...

Skill      XL: |  1  2  3  4  5  6  7  8  9 10 11 12 13 14 15 16 17 18 19 20 21 22 23 24 25 26 27 |
---------------+----------------------------------------------------------------------------------+-----
Stealth        | 1 2 3 4 6 9 10 12 15 | 15.0
Fighting       | 2 3 4 5 7 8 9 10 11 12 13 14 15 16 17 18 20 | 20.0
Transmutations | 3 4 5 8 9 10 11 12 13 14 15 16 17 18 19 20 24 | 24.0
Ice Magic      | 2 3 5 6 25 | 25.0
Unarmed Combat | 4 7 9 10 12 13 14 15 16 17 18 19 20 21 22 27 | 27.0
Evocations     | 3 5 6 8 9 10 11 12 13 15 | 15.0
Dodging        | 3 5 6 8 9 10 11 12 13 14 15 16 17 18 20 | 20.0
Spellcasting   | 3 4 6 7 8 9 10 11 12 13 14 15 16 20 | 20.3
Translocations | 1 3 5 7 8 9 10 | 10.0
Poison Magic   | 3 |  3.0
Conjurations   | 2 3 |  3.0
Air Magic      | 2 3 20 | 20.2
Shields        | 3 4 |  4.7
Earth Magic    | 7 8 |  8.0
Necromancy     | 1 6 8 10 15 | 15.0
Throwing       | 9 |  9.2

Action                   |  1- 3 |  4- 6 |  7- 9 | 10-12 | 13-15 | 16-18 | 19-21 | 22-24 | 25-27 || total
-------------------------+-------+-------+-------+-------+-------+-------+-------+-------+-------++-------
Melee: Club              |    11 |       |       |       |       |       |       |       |       ||    11
       Whip              |    14 |       |    59 |       |       |       |       |       |       ||    73
       Constrict         |    23 |    16 |    22 |     4 |     1 |     3 |   182 |   214 |   441 ||   906
       Tentacles         |    18 |    18 |    19 |     4 |     1 |     4 |   264 |   318 |  1025 ||  1671
       Punch             |     2 |     1 |     2 |     1 |       |    77 |   166 |   235 |  1091 ||  1575
       Dagger            |    46 |    72 |    11 |       |       |       |       |       |       ||   129
       Kick              |    14 |    19 |    28 |       |       |     2 |       |       |  1272 ||  1335
       Unarmed           |       |       |   148 |   611 |  1057 |   937 |   980 |  1233 |  5058 || 10024
       Short sword       |       |       |       |     5 |     2 |     5 |       |       |       ||    12
       Bite              |       |       |       |       |       |    74 |     1 |    15 |     1 ||    91
       Tailslap          |       |       |       |       |       |    99 |     4 |    14 |     2 ||   119
       Staff             |       |       |       |       |       |       |       |       |   162 ||   162
 Fire: Sling             |    18 |    10 |    31 |     2 |       |       |       |       |       ||    61
Throw: Stone             |     4 |     2 |       |       |       |       |       |       |       ||     6
       Dart              |       |     2 |    11 |     3 |       |     2 |       |       |       ||    18
       Javelin           |       |       |       |       |       |       |       |       |     2 ||     2
 Cast: Beastly Appendage |    18 |    10 |    15 |       |       |     1 |       |       |       ||    44
       Ice Form          |       |       |    14 |    58 |    95 |    20 |     1 |       |     1 ||   189
       Wereblood         |       |       |       |     3 |     5 |     5 |     2 |     1 |     5 ||    21
       Blink             |       |       |       |     1 |     1 |       |     1 |       |    13 ||    16
       Dragon Form       |       |       |       |       |       |    74 |     1 |     5 |     1 ||    81
       Statue Form       |       |       |       |       |       |     1 |    81 |   111 |   161 ||   354
       Manifold Assault  |       |       |       |       |       |       |     4 |     1 |    94 ||    99
       Animate Dead      |       |       |       |       |       |       |       |       |     5 ||     5
       Necromutation     |       |       |       |       |       |       |       |       |   125 ||   125
       Apportation       |       |       |       |       |       |       |       |       |     8 ||     8
       Storm Form        |       |       |       |       |       |       |       |       |   238 ||   238
       Polar Vortex      |       |       |       |       |       |       |       |       |     8 ||     8
Invok: Lunge             |       |       |     4 |    51 |   118 |   105 |   105 |   114 |   664 ||  1161
       Whirlwind         |       |       |       |    88 |   294 |   278 |   217 |   315 |   998 ||  2190
       Serpent's Lash    |       |       |       |       |    28 |    22 |    12 |    10 |    76 ||   148
       Heavenly Storm    |       |       |       |       |       |       |       |       |     3 ||     3
 Abil: Wall Jump         |       |       |       |       |     3 |     3 |       |     3 |    14 ||    23
       Breathe Fire      |       |       |       |       |       |     4 |       |       |       ||     4
       End Transformatio |       |       |       |       |       |       |       |       |   155 ||   155
       Blinkbolt         |       |       |       |       |       |       |       |       |    36 ||    36
Evoke: Wand              |       |       |     8 |     2 |       |       |     1 |       |     4 ||    15
       Tin of tremorston |       |       |       |       |       |       |     2 |       |     4 ||     6
       Condenser vane    |       |       |       |       |       |       |     1 |       |       ||     1
       Lightning rod     |       |       |       |       |       |       |       |       |     4 ||     4
       Horn of Geryon    |       |       |       |       |       |       |       |       |     1 ||     1
  Use: Scroll            |     4 |     4 |     8 |     5 |     6 |     3 |     2 |     6 |    18 ||    56
       Potion            |       |       |     1 |     2 |     2 |       |     4 |     1 |    16 ||    26
 Stab: Sleeping          |     6 |     4 |     3 |     4 |     9 |    10 |    26 |    36 |    57 ||   155
       Distracted        |       |       |       |     1 |     1 |     3 |     5 |     7 |    75 ||    92
       Petrifying        |       |       |       |       |     2 |       |       |       |       ||     2
       Petrified         |       |       |       |       |     2 |       |       |       |       ||     2
       Paralysed         |       |       |       |       |       |       |       |       |     3 ||     3
Armor: Skin              |     9 |    12 |    59 |   119 |   161 |   201 |   159 |   220 |   808 ||  1748
Dodge: Dodged            |    43 |    30 |   158 |   464 |   509 |   642 |   746 |   925 |  4133 ||  7650
Block: Buckler           |       |       |       |     2 |       |     6 |   402 |   535 |  1040 ||  1985
       Other             |       |       |       |       |    34 |   101 |       |     8 |       ||   143
       Reflection        |       |       |       |       |       |       |    37 |    12 |     5 ||    54

Levels and vault maps discovered:
D:1:      spicycebolla_green_bress_n_ham_2, layout_rooms,
          hellmonk_ecumenical_altar_pennies_from_heaven, serial_shops, shop
D:2:      layout_loops_cross
D:3:      minmay_razor_zed, layout_basic, grunt_ministairs_14, uniq_ijyb,
          uniq_grinder, uniq_terence
D:4:      layout_loops_ring, minmay_quantized, uniq_eustachio,
          uniq_crazy_yiuf_cottage
D:5:      layout_gridville, serial_shops, nicolae_shop_trees,
          ebering_ghost_sewer_f
D:6:      layout_basic, mainiacjoe_overflow_catwalk, kennysheep_mini_moat,
          marbit_many_paths, mainiacjoe_overflow_alcove_1,
          kennysheep_decorative_pillar, hangedman_abyss_or_decor_stabs,
          uniq_pikel, uniq_edmund, uniq_menkaure
D:7:      layout_layer_cave, gammafunk_temple_overflow_wave,
          minmay_temple_entry_gardened_gates, serial_bayou_lagoon_b,
          uniq_duvessa
D:8:      layout_basic, lemuel_doored_altar, serial_shops, shop
D:9:      layout_cave_pools, mainiacjoe_overflow_concentric_impassable,
          due_lair_maze_entry_diamond, kennysheep_generic_room_8, uniq_grum,
          uniq_maurice
D:10:     layout_irregular_city, mainiacjoe_overflow_24_doors, david_orc_3,
          nicolae_concentric_dashed_squares_mild, uniq_erolcha
D:11:     layout_basic, corexii_corridor_pit, uniq_harold, uniq_snorg,
          uniq_nergalle
D:12:     layout_rooms
D:13:     layout_roguey
D:14:     layout_layer_cave, grunt_vaults_entry_tiered, hex_medium,
          portal_ice_cave_entry_pillars_three, gauntlet_entry_generic
D:15:     hangedman_depths_entry_civil_slaughter, layout_cave_pools,
          skrybe_limestone_x, nicolae_xom_altar_mimics
Temple:   nicolae_temple_figure_eight
Lair:1:   layout_cave_pods, lemuel_fruit_tree
Lair:2:   layout_chaotic_city, worms_lemuel
Lair:3:   layout_roguey [special_room_bee], palyth_hydra_swamp_entry,
          hellmonk_spider_entry_not_the_bees, beast_lair_carwin_10,
          serial_bayou_shore_b, uniq_josephine
Lair:4:   nzn_motion_control, layout_gridlike, lemuel_fruit_fields,
          serial_bayou_shore_b
Lair:5:   evilmike_catoblepas_cave, layout_gridlike, slime_entry_1,
          ebering_ghost_rock_garden, grunt_megastairs_1
Swamp:1:  layout_basic_swamp, evilmike_swamp_ruin_house_5
Swamp:2:  layout_basic_swamp, nicolae_swamp_oxbows, swamp_pool1
Swamp:3:  layout_basic_swamp, evilmike_swamp_ruin_house_2,
          infiniplex_staircase_pool_2
Swamp:4:  swamp_alternative, layout_basic_swamp
Spider:1: layout_spider_delve, uniq_aizul
Spider:2: layout_spider_delve, guppyfry_spider_mini_2, uniq_arachne, uniq_louise
Spider:3: layout_chambers, hangedman_spider_tarantella_strand
Spider:4: hellmonk_spider_rune_bug_friends, hellmonk_ghost_happy_afterlife,
          nicolae_spider_wall_of_niches, uniq_asterion
Slime:1:  layout_caves, cheibrodos_slime_lost_civilization_5
Slime:2:  layout_caves
Slime:3:  layout_caves
Slime:4:  layout_caves, cheibrodos_slime_lost_civilization_4, uniq_dissolution
Slime:5
Orc:1:    layout_caves, uniq_urug
Orc:2:    st_orc_town, layout_caves, uniq_donald
Elf:1:    eino_elf_arrival_altar, layout_rooms, evilmike_minifort, minivault_11,
          uniq_azrael, uniq_jorgrun, uniq_kirke
Elf:2:    nicolae_elf_blades_splatter_lattice
          [nicolae_blade_entry_hurt_lockers], layout_loops_cross,
          amcnicky_mini_corridor_feature, minmay_shoptagon
Elf:3:    elf_hall_gauntlet_narrow, layout_geoelf_octagon
Vaults:1: nicolae_vaults_rhombus_6, ontoclasm_vaults_idyll,
          hangedman_vaults_trim, hangedman_vaults_trim,
          nicolae_vaults_windows_and_doors_thing, grunt_vaults_funnel,
          vaults_mumra_hexcomb, layout_vaults_quadrants, uniq_zenata
Vaults:2: nicolae_vaults_angled_halls, nicolae_vaults_network_barrier,
          v_misc_23, grunt_vaults_focal, ontoclasm_vaults_ring_square,
          v_alt_pattern_1, v_misc_2, dpeg_vaults_monster_row,
          nicolae_vaults_yaktaur_gun_rack, layout_vaults_ring, enter_trove_3,
          serial_shops, nicolae_shop_hallway_stairs
Vaults:3: vaults_mumra_lcd, minmay_crypt_entry_simple_box, vaults_dpeg_hooks,
          v_misc_4, vaults_room_hallway, nicolae_vaults_network_quinsquares
          [nicolae_vaults_network_quincunx_subvault,
          nicolae_vaults_network_quincunx_subvault,
          nicolae_vaults_network_quincunx_subvault,
          nicolae_vaults_network_quincunx_subvault], grunt_vaults_swirl,
          nicolae_vaults_border_crossing, grunt_vaults_hallway_long,
          ontoclasm_vaults_ring_small, vaults_dpeg_ring,
          nicolae_vaults_c_with_doors, ontoclasm_vaults_gateway,
          layout_vaults_omnicross, serial_shops, shop_statue
Vaults:4: portal_desolation_entry_ruin, hangedman_vaults_hard_town_square,
          nicolae_vaults_diagonal_hallway_6, v_misc_33,
          hangedman_vaults_restitches, v_misc_28, v_misc_2, v_rooms_4,
          layout_vaults_omnibox, serial_shops, shop, uniq_xtahua
Vaults:5
Crypt:1:  layout_gridlike, grunt_megastairs_4, grunt_crypt_arrival_split
Crypt:2:  layout_regular_city, gammafunk_ghost_grave,
          roderic_lattice_octagonal_star, lemuel_upstairs_altar
Crypt:3:  cryptofortress_bobbens
Tomb:1:   uniq_mennas
Tomb:2
Depths:1: layout_gridlike, pf_vacation_house_of_asmodeus,
          chequers_serial_rivers_micro_d,
          ploomutoo_gammafunk_ghost_potion_laboratory,
          serial_sigils_hangedman_gut, kb_rosetta, minmay_shop_grove
Depths:2: evilmike_negative_zone, layout_gridlike, zin_angel,
          abyss_entry_flame_altar, grunt_hell_entry_dis_mu,
          rand_demon_pan_entry_8, infiniplex_staircase_door_maze
Depths:3: minmay_two_paths, layout_cave_pools, enter_ziggurat_c,
          minmay_misc_feat_nine_boxes, nicolae_abyss_entry_one_way_or_another,
          hell_entry, grunt_ministairs_7, minmay_staircase_bubble
Depths:4: grunt_zot_entry_bicorn, layout_honeycomb,
          nemelex_xobeh_ov_fountains_minmay, rand_demon_pan_entry_4, hell_entry,
          minmay_misc_feat_pillars, hangedman_devilish_allure
Hell
Zot:1:    ebering_klown_carousel, layout_misc_corridors
Zot:2:    layout_concentric_octagons
Zot:3:    layout_onion_interference
Zot:4:    dreamdust_black_sun_cult, layout_misc_corridors, grunt_megastairs_5
Zot:5:    layout_basic

Notes
Turn   | Place    | Note
-------+----------+-------------------------------------------
     0 | D:1      | scionoferis the Octopode Transmuter began the quest for the
                  | Orb.
     0 | D:1      | Reached XP level 1. HP: 13/13 MP: 3/3
    20 | D:1      | Found Bapu's General Store.
   165 | D:1      | Reached skill level 1 in Stealth
   323 | D:1      | Found a faded altar of an unknown god.
   480 | D:1      | Reached XP level 2. HP: 18/18 MP: 3/5
   639 | D:1      | Reached skill level 2 in Stealth
  1038 | D:1      | Reached XP level 3. HP: 23/23 MP: 4/6
  1041 | D:1      | Bought a scroll of identify for 20 gold pieces
  1041 | D:1      | Bought 2 potions of curing for 60 gold pieces
  1629 | D:1      | Bought a potion of might for 40 gold pieces
  1629 | D:1      | Bought a potion of degeneration for 10 gold pieces
  1768 | D:3      | Reached skill level 3 in Stealth
  1822 | D:3      | Noticed Terence
  2101 | D:3      | Noticed an ogre
  2187 | D:3      | Reached skill level 2 in Fighting
  2187 | D:3      | Reached XP level 4. HP: 29/29 MP: 7/7
  2194 | D:3      | Learned a level 4 spell: Ice Form
  2372 | D:3      | Noticed Ijyb
  2395 | D:3      | Killed Ijyb
  2396 | D:3      | Reached skill level 3 in Transmutations
  2401 | D:3      | Reached skill level 4 in Stealth
  2401 | D:3      | Reached XP level 5. HP: 34/34 MP: 8/8
  2405 | D:3      | Reached skill level 1 in Ice Magic
  2508 | D:3      | Noticed Grinder
  2516 | D:3      | Paralysed by Grinder for 2 turns
  2521 | D:3      | Paralysed by Grinder for 5 turns
  2536 | D:3      | Paralysed by Grinder for 3 turns
  2543 | D:3      | Killed Grinder
  2544 | D:3      | Reached skill level 3 in Fighting
  2544 | D:3      | Reached skill level 4 in Transmutations
  2544 | D:3      | Reached skill level 2 in Ice Magic
  2544 | D:3      | Reached XP level 6. HP: 31/42 MP: 9/9
  2719 | D:3      | Killed Terence
  2857 | D:4      | Noticed Eustachio
  3102 | D:4      | Reached skill level 3 in Ice Magic
  3313 | D:4      | Reached XP level 7. HP: 44/46 MP: 8/10
  3723 | D:4      | Found a runed translucent door.
  3724 | D:4      | Noticed Crazy Yiuf
  4031 | D:5      | Entered Level 5 of the Dungeon
  4048 | D:5      | Reached skill level 5 in Transmutations
  4126 | D:5      | Found a runed translucent door.
  4133 | D:5      | Noticed BillyBaka's ghost (novice GrMo)
  4148 | D:5      | Found a runed translucent door.
  4273 | D:5      | Reached skill level 4 in Ice Magic
  4925 | D:5      | Identified the +2 robe of Grot {Int+6 Slay+3}
  5318 | D:5      | Reached skill level 5 in Ice Magic
  5318 | D:5      | Reached XP level 8. HP: 51/52 MP: 9/11
  5368 | D:5      | Found Zarod's Magic Scroll Boutique.
  5376 | D:5      | Bought a scroll of identify for 24 gold pieces
  5376 | D:5      | Bought a scroll of identify for 24 gold pieces
  5376 | D:5      | Bought a scroll of identify for 24 gold pieces
  5490 | D:5      | Reached skill level 6 in Transmutations
  5959 | D:4      | Killed Eustachio
  6133 | D:4      | Learned a level 2 spell: Wereblood
  6172 | D:4      | Killed Crazy Yiuf
  6338 | D:6      | Noticed Menkaure
  6349 | D:6      | Reached skill level 6 in Ice Magic
  6365 | D:6      | Reached skill level 7 in Transmutations
  6367 | D:6      | Killed Menkaure
  6647 | D:6      | Found a burning altar of Makhleb.
  6655 | D:6      | Found an ancient bone altar of Kikubaaqudgha.
  6793 | D:6      | Noticed Edmund
  6810 | D:6      | Killed Edmund
  6851 | D:6      | Identified the +3 short sword "Zoaxt" {vorpal, rPois rC+
                  | Str-5 SInv}
  7149 | D:6      | Noticed Pikel
  7158 | D:6      | Killed Pikel
  7159 | D:6      | Reached skill level 4 in Fighting
  7159 | D:6      | Reached skill level 4 in Unarmed Combat
  7159 | D:6      | Reached skill level 8 in Transmutations
  7159 | D:6      | Reached XP level 9. HP: 52/59 MP: 9/12
  7305 | D:6      | Found a shadowy altar of Dithmenos.
  7345 | D:6      | Reached skill level 5 in Unarmed Combat
  7377 | D:6      | Found a sparkling altar of Nemelex Xobeh.
  7439 | D:7      | Noticed Duvessa
  7439 | D:7      | Noticed Dowan
  7516 | D:7      | Killed Duvessa
  7522 | D:7      | Killed Dowan
  7600 | D:7      | Identified the amulet of Xom's Ringing Laughter {rC- Regen+
                  | rCorr Str-5 Int+4}
  7842 | D:7      | Found a staircase to the Ecumenical Temple.
  7851 | Temple   | Entered the Ecumenical Temple
  8075 | Temple   | Became a worshipper of the Wu Jian Council
  8155 | D:7      | Found a radiant altar of Vehumet.
  8155 | D:7      | Found a broken altar of Ashenzari.
  8247 | D:7      | Reached skill level 1 in Evocations
  8284 | D:7      | Reached skill level 6 in Unarmed Combat
  8321 | D:7      | Reached skill level 5 in Fighting
  8394 | D:7      | Noticed a two-headed ogre
  8668 | D:7      | Killed a two-headed ogre
  8669 | D:7      | Reached skill level 7 in Unarmed Combat
  8669 | D:7      | Reached skill level 3 in Evocations
  8669 | D:7      | Reached XP level 10. HP: 68/68 MP: 8/13
  8945 | D:7      | Learned a level 2 spell: Blink
  9319 | D:8      | Reached * piety under Wu Jian
  9361 | D:8      | Found a blossoming altar of Fedhas.
  9373 | D:8      | Reached skill level 6 in Fighting
  9382 | D:8      | Reached skill level 4 in Evocations
  9384 | D:8      | Reached skill level 8 in Unarmed Combat
  9584 | D:8      | Found Haushry's General Store.
 10006 | D:9      | Found a snail-covered altar of Cheibriados.
 10057 | D:9      | Noticed Maurice
 10203 | D:9      | Killed Maurice
 10204 | D:9      | Reached skill level 3 in Dodging
 10461 | D:9      | Reached skill level 5 in Evocations
 10471 | D:9      | Reached skill level 9 in Unarmed Combat
 10506 | D:9      | Reached skill level 7 in Fighting
 10510 | D:9      | Reached XP level 11. HP: 75/75 MP: 10/14
 10519 | D:9      | Reached skill level 4 in Dodging
 10524 | D:9      | Reached ** piety under Wu Jian
 10602 | D:9      | Noticed Grum
 10611 | D:9      | Killed Grum
 10815 | D:9      | Identified the -2 pair of gloves "Aseghy" {Fly rElec Str-4
                  | Int+5}
 10940 | D:9      | Found a staircase to the Lair.
 11082 | D:10     | Entered Level 10 of the Dungeon
 11096 | D:10     | Found a staircase to the Orcish Mines.
 11152 | D:10     | Noticed Erolcha
 11211 | D:10     | Reached skill level 6 in Evocations
 11274 | D:10     | Reached skill level 10 in Unarmed Combat
 11381 | D:10     | Found a shimmering altar of Xom.
 12115 | D:11     | Noticed a seven-headed hydra
 12168 | D:11     | Noticed Snorg
 12183 | D:11     | Killed Snorg
 12184 | D:11     | Reached skill level 5 in Dodging
 12422 | D:11     | Noticed Nergalle
 12434 | D:11     | Killed Nergalle
 12441 | D:11     | Noticed a manticore
 12454 | D:11     | Killed a manticore
 12530 | D:11     | Noticed a skeletal warrior
 12530 | D:11     | Noticed a skeletal warrior
 12642 | D:11     | Reached skill level 8 in Fighting
 12737 | D:11     | HP: 8/92 [skeletal warrior/+0 glaive (24)]
 12738 | D:11     | Killed a skeletal warrior
 12739 | D:11     | Reached skill level 3 in Spellcasting
 12739 | D:11     | Reached skill level 9 in Transmutations
 13183 | D:11     | Noticed a skeletal warrior
 13183 | D:11     | Noticed a skeletal warrior
 13183 | D:11     | Noticed a skeletal warrior
 13252 | D:11     | HP: 6/92 [something (7)]
 13257 | D:11     | HP: 1/92 [something (6)]
 13263 | D:11     | HP: 5/92 [something (8)]
 13269 | D:11     | HP: 6/92 [something (7)]
 13682 | D:7      | Reached XP level 12. HP: 82/82 MP: 11/16
 13733 | D:5      | Bought a scroll of blinking for 90 gold pieces
 13802 | D:5      | Killed BillyBaka's ghost
 13809 | D:5      | Reached skill level 11 in Unarmed Combat
 13933 | Lair:1   | Entered Level 1 of the Lair of Beasts
 14181 | Lair:1   | Noticed a five-headed hydra
 14197 | Lair:1   | Killed a five-headed hydra
 14618 | Lair:1   | Noticed an eight-headed hydra
 15062 | Lair:1   | Killed an eight-headed hydra
 15063 | Lair:1   | Reached skill level 6 in Dodging
 15410 | Lair:1   | Identified the +5 dagger "Beigej" {freeze, Dex+5 Stlth-}
 15480 | Lair:2   | Reached *** piety under Wu Jian
 15611 | Lair:2   | Noticed a death yak
 15611 | Lair:2   | Noticed a death yak
 15787 | Lair:2   | Reached skill level 4 in Spellcasting
 16231 | Lair:2   | Noticed a death yak
 16270 | Lair:3   | Noticed Josephine
 16309 | Lair:3   | Found a hole to the Spider Nest.
 16321 | Lair:3   | Noticed an eight-headed hydra
 16331 | Lair:3   | Killed an eight-headed hydra
 16496 | Lair:3   | Killed Josephine
 16503 | Lair:3   | Reached skill level 12 in Unarmed Combat
 16723 | Lair:3   | Reached skill level 9 in Fighting
 16746 | Lair:3   | Reached **** piety under Wu Jian
 16773 | Lair:3   | Reached skill level 1 in Translocations
 17235 | Lair:3   | Reached XP level 13. HP: 90/90 MP: 16/20
 17245 | Lair:3   | Reached skill level 7 in Dodging
 17493 | Lair:3   | Reached skill level 5 in Spellcasting
 17495 | Lair:3   | Reached skill level 2 in Translocations
 17495 | Lair:3   | Reached skill level 10 in Transmutations
 17994 | Lair:3   | Found a staircase to the Swamp.
 18865 | Lair:4   | Reached skill level 3 in Translocations
 19271 | Lair:5   | Entered Level 5 of the Lair of Beasts
 19350 | Lair:5   | Reached skill level 13 in Unarmed Combat
 19629 | Lair:5   | Reached skill level 6 in Spellcasting
 19643 | Lair:4   | Reached skill level 8 in Dodging
 19741 | Lair:5   | Reached skill level 10 in Fighting
 19957 | Lair:5   | Found a viscous altar of Jiyva.
 19957 | Lair:5   | Found a staircase to the Slime Pits.
 19975 | Lair:5   | Reached XP level 14. HP: 99/99 MP: 21/23
 20030 | Lair:5   | Found a runed translucent gate.
 20030 | Lair:5   | Found a runed translucent gate.
 20030 | Lair:5   | Found a runed translucent gate.
 20030 | Lair:5   | Noticed Unforgiven's ghost (journeyman VSFi)
 20778 | Lair:5   | Killed Unforgiven's ghost
 20778 | Lair:5   | Reached skill level 11 in Transmutations
 20988 | Lair:5   | Reached skill level 14 in Unarmed Combat
 21462 | Lair:5   | Reached ***** piety under Wu Jian
 21612 | Lair:5   | Learned a level 3 spell: Mephitic Cloud
 21665 | Lair:5   | Reached skill level 7 in Spellcasting
 21672 | Lair:5   | Identified the +0 pair of gloves "Neoham" {rF+}
 21673 | Lair:5   | Identified the +1 robe "Zidaess" {rCorr Int-4 Stlth+}
 21851 | Lair:2   | Reached skill level 1 in Poison Magic
 21856 | Lair:2   | Reached skill level 1 in Conjurations
 21856 | Lair:2   | Reached skill level 1 in Air Magic
 22071 | Orc:1    | Entered Level 1 of the Orcish Mines
 22071 | Orc:1    | Noticed Urug
 22085 | Orc:1    | Killed Urug
 22089 | Orc:1    | Reached skill level 9 in Dodging
 22736 | Orc:2    | Entered Level 2 of the Orcish Mines
 22736 | Orc:2    | Found a staircase to the Elven Halls.
 22823 | Orc:2    | Paralysed by an orc sorcerer for 5 turns
 23261 | Orc:2    | Noticed Donald
 23306 | Orc:2    | Reached skill level 2 in Poison Magic
 23358 | Orc:2    | Found Goerejad's Distillery.
 23390 | Orc:2    | Found Akuebaud's Antique Armour Boutique.
 23437 | Orc:2    | Paralysed by an orc sorcerer for 2 turns
 23703 | Orc:2    | Reached skill level 2 in Conjurations
 23708 | Orc:2    | Reached skill level 2 in Air Magic
 23721 | Orc:2    | Found Qeiteepp's Magic Scroll Shoppe.
 23721 | Orc:2    | Found Byive's Antique Weapon Boutique.
 23733 | Orc:2    | Bought a scroll of identify for 28 gold pieces
 23733 | Orc:2    | Bought a scroll of identify for 28 gold pieces
 24284 | Orc:2    | Bought a potion of curing for 45 gold pieces
 24284 | Orc:2    | Bought a potion of curing for 45 gold pieces
 24284 | Orc:2    | Bought a potion of curing for 45 gold pieces
 25108 | Swamp:1  | Entered Level 1 of the Swamp
 25121 | Swamp:1  | Reached skill level 3 in Poison Magic
 25129 | Swamp:1  | Reached XP level 15. HP: 101/105 MP: 23/26
 25596 | Swamp:1  | Reached skill level 11 in Fighting
 25612 | Swamp:1  | Identified a potion of resistance
 25636 | Swamp:1  | Noticed a fenstrider witch
 26117 | Swamp:1  | Reached skill level 3 in Conjurations
 26148 | Swamp:1  | Reached skill level 3 in Air Magic
 26160 | Swamp:1  | Reached skill level 15 in Unarmed Combat
 27244 | Swamp:2  | You fall into a shaft and drop 1 floor!
 27520 | Swamp:2  | Reached skill level 8 in Spellcasting
 27677 | Swamp:3  | Reached skill level 12 in Transmutations
 27681 | Swamp:3  | Reached skill level 10 in Dodging
 28442 | Swamp:4  | Entered Level 4 of the Swamp
 28936 | Swamp:3  | Reached XP level 16. HP: 99/114 MP: 24/28
 29055 | Swamp:4  | Reached skill level 16 in Unarmed Combat
 29080 | Swamp:4  | Reached skill level 12 in Fighting
 29119 | Swamp:4  | Reached skill level 9 in Spellcasting
 29365 | Swamp:4  | Got a decaying rune of Zot
 29710 | Swamp:4  | Reached skill level 11 in Dodging
 30442 | D:11     | Noticed Harold
 30454 | D:11     | Killed Harold
 31420 | D:12     | Learned a level 7 spell: Dragon Form
 31845 | Orc:2    | Killed Donald
 31987 | Spider:1 | Entered Level 1 of the Spider Nest
 32055 | Spider:1 | Reached skill level 1 in Shields
 32214 | Spider:1 | Reached skill level 2 in Shields
 32215 | Spider:1 | Reached ****** piety under Wu Jian
 32445 | Spider:1 | Reached skill level 3 in Shields
 32482 | Spider:1 | Noticed Aizul
 32494 | Spider:1 | Killed Aizul
 32495 | Spider:1 | Reached skill level 13 in Transmutations
 32495 | Spider:1 | Reached XP level 17. HP: 121/121 MP: 23/30
 33392 | Spider:2 | Reached skill level 4 in Shields
 33564 | Spider:2 | Noticed Arachne
 33620 | Spider:2 | Killed Arachne
 33731 | Spider:2 | Reached skill level 10 in Spellcasting
 33800 | Spider:2 | Noticed Louise
 34265 | Spider:3 | Reached skill level 14 in Transmutations
 34731 | Spider:3 | Reached skill level 17 in Unarmed Combat
 35690 | Spider:4 | Entered Level 4 of the Spider Nest
 35690 | Spider:4 | Noticed Asterion
 35910 | Spider:3 | Killed Asterion
 36880 | Spider:4 | Reached XP level 18. HP: 127/127 MP: 26/32
 36900 | Spider:4 | Reached skill level 4 in Translocations
 37297 | Spider:4 | Reached skill level 7 in Evocations
 37877 | Spider:4 | Identified the +1 pair of gloves "Patimuck" {Dex+2}
 37881 | Spider:4 | Got a gossamer rune of Zot
 38129 | Spider:4 | Reached skill level 11 in Spellcasting
 38142 | Spider:4 | Found a runed translucent door.
 38142 | Spider:4 | Noticed FizzleBangTC's ghost (adept MeEE)
 38196 | Spider:4 | Killed FizzleBangTC's ghost
 38196 | Spider:4 | Reached skill level 13 in Fighting
 38446 | Swamp:1  | Reached skill level 15 in Transmutations
 38666 | D:10     | Killed Erolcha
 39299 | D:13     | Got the Teachings on Changing
 39380 | D:14     | Found a frozen archway.
 39407 | IceCv    | Entered an ice cave
 39413 | IceCv    | Found a transporter.
 39610 | IceCv    | Found a transporter.
 39669 | D:14     | Found a gate leading to a gauntlet.
 39689 | Gauntlet | Entered a Gauntlet
 39689 | Gauntlet | Found a transporter.
 39689 | Gauntlet | Found a transporter.
 39750 | Gauntlet | Found a transporter.
 39762 | Gauntlet | Found a transporter.
 39780 | Gauntlet | Found a transporter.
 39780 | Gauntlet | Found a transporter.
 39780 | Gauntlet | Found a transporter.
 39782 | Gauntlet | Found a transporter.
 39782 | Gauntlet | Found a transporter.
 39797 | Gauntlet | Found a transporter.
 39805 | Gauntlet | Found the +2 hood of the Assassin {Detection Stab+ Stlth++}
 39812 | Gauntlet | Found a transporter.
 39820 | Gauntlet | Found a runed translucent door.
 39822 | Gauntlet | Found a transporter.
 39824 | Gauntlet | Found a runed translucent door.
 39827 | Gauntlet | Found a transporter.
 39861 | Gauntlet | Found a transporter.
 40071 | Gauntlet | Identified the ring "Opnehoab" {rPois rF+ Int+4 Dex+4}
 40095 | Gauntlet | Reached skill level 5 in Translocations
 40186 | Gauntlet | Identified the ring "Vyptakk" {Drain rPois rN+ Dex+9 SInv}
 40293 | Gauntlet | Identified the +9 triple sword "Raphet" {vorpal, Int+2
                  | Dex+4}
 40923 | D:14     | Reached skill level 12 in Dodging
 40961 | D:14     | Found a gate to the Vaults.
 40965 | D:14     | Reached skill level 18 in Unarmed Combat
 41645 | D:15     | Entered Level 15 of the Dungeon
 41696 | D:15     | Reached skill level 8 in Evocations
 41824 | D:15     | Found a staircase to the Depths.
 42069 | D:15     | Found a shimmering altar of Xom.
 42075 | D:15     | Found a shimmering altar of Xom.
 42075 | D:15     | Found a shimmering altar of Xom.
 42077 | D:15     | Found a shimmering altar of Xom.
 42149 | D:15     | Found a shimmering altar of Xom.
 42153 | D:15     | Found a shimmering altar of Xom.
 42153 | D:15     | Found a shimmering altar of Xom.
 42475 | D:15     | Learned a level 6 spell: Statue Form
 42634 | Elf:1    | Entered Level 1 of the Elven Halls
 42661 | Elf:1    | Reached XP level 19. HP: 135/135 MP: 34/34
 42665 | Elf:1    | Found a radiant altar of Vehumet.
 42670 | Elf:1    | Reached skill level 1 in Earth Magic
 42699 | Elf:1    | Reached skill level 2 in Earth Magic
 42713 | Elf:1    | Reached skill level 3 in Earth Magic
 43152 | Elf:1    | Noticed Azrael
 43171 | Elf:1    | Reached skill level 4 in Earth Magic
 43171 | Elf:1    | Killed Azrael
 43385 | Elf:1    | Noticed Jorgrun
 43398 | Elf:1    | Killed Jorgrun
 43399 | Elf:1    | Reached skill level 5 in Earth Magic
 43443 | Elf:1    | Noticed Kirke
 43454 | Elf:1    | Killed Kirke
 43459 | Elf:1    | Reached skill level 6 in Earth Magic
 43897 | Elf:2    | Learned a level 2 spell: Passwall
 43905 | Elf:2    | Reached skill level 16 in Transmutations
 44086 | Elf:2    | Found Laoll's Antique Armour Shoppe.
 44086 | Elf:2    | Found Jajuq's Jewellery Emporium.
 44131 | Elf:2    | Bought a ring of willpower for 400 gold pieces
 44376 | Elf:2    | Found a runed translucent gate.
 44376 | Elf:2    | Found a runed translucent gate.
 44376 | Elf:2    | Found a runed translucent gate.
 44540 | Elf:2    | Reached skill level 7 in Earth Magic
 45168 | Elf:3    | Entered Level 3 of the Elven Halls
 45180 | Elf:3    | Reached skill level 13 in Dodging
 45311 | Elf:3    | Reached skill level 9 in Evocations
 45311 | Elf:3    | Reached XP level 20. HP: 142/142 MP: 35/35
 45706 | Elf:3    | Learned a level 5 spell: Manifold Assault
 45758 | Elf:3    | You are cast into the Abyss!
 45758 | Abyss:2  | Cast into level 2 of the Abyss (a deep elf sorcerer)
 45878 | Abyss:2  | Noticed an ancient lich
 45888 | Abyss:2  | Killed an ancient lich
 45889 | Abyss:2  | Reached skill level 14 in Fighting
 45889 | Abyss:2  | Reached skill level 6 in Translocations
 45928 | Abyss:2  | Reached skill level 12 in Spellcasting
 46020 | Elf:3    | You pass through the gate.
 46020 | Elf:3    | Escaped the Abyss
 46026 | Elf:3    | Reached skill level 8 in Earth Magic
 46338 | Elf:3    | Identified the +1 battleaxe of Fate {drain, rF+ Dex+4}
 46541 | Elf:3    | Identified a +0 robe of the Archmagi
 46542 | Elf:3    | Identified the +0 sling "Vidigab" {speed, rCorr Int+6 SInv}
 46579 | Elf:3    | Identified the ring "Siwuopt" {Will++ AC+4 Str+3 Dex-2}
 46588 | Elf:3    | Identified the +6 lajatang of Oenomania {venom, +Blink
                  | rElec rF- Int+6}
 46610 | Elf:3    | Got the Secrets of Turbulent Command
 46673 | Elf:3    | Got the Dissertation on Evolution and the Snowflakes
 46716 | Elf:3    | Identified the +1 robe of Panentheism {Dex+6}
 47063 | Spider:2 | Killed Louise
 47470 | Vaults:1 | Entered Level 1 of the Vaults
 47478 | Vaults:1 | Reached skill level 19 in Unarmed Combat
 47503 | Vaults:1 | Reached skill level 14 in Dodging
 47620 | Vaults:1 | Noticed Zenata
 47631 | Vaults:1 | Killed Zenata
 47739 | Vaults:1 | Reached skill level 7 in Translocations
 47769 | Vaults:1 | Reached XP level 21. HP: 100/149 MP: 18/37
 49262 | Vaults:2 | Reached skill level 15 in Dodging
 49367 | Vaults:2 | Reached skill level 8 in Translocations
 50107 | Vaults:2 | Found Peasyo Vuef's Assorted Antiques.
 50112 | Vaults:2 | Bought a scroll of blinking for 247 gold pieces
 50112 | Vaults:2 | Bought 2 potions of curing for 198 gold pieces
 50112 | Vaults:2 | Bought a potion of curing for 99 gold pieces
 50147 | Vaults:2 | Found a portal to a secret trove of treasure.
 50565 | Vaults:3 | Reached skill level 5 in Stealth
 50638 | Vaults:3 | Reached skill level 20 in Unarmed Combat
 50638 | Vaults:3 | Reached skill level 13 in Spellcasting
 50657 | Vaults:3 | Noticed a caustic shrike
 50657 | Vaults:3 | an iron dragon changed into a caustic shrike
 50659 | Vaults:3 | a caustic shrike changed into an iron giant
 50824 | Vaults:3 | Reached skill level 15 in Fighting
 51020 | Vaults:3 | Found a staircase to the Crypt.
 51048 | Vaults:3 | Found Qiesoyrim's Weapon Shop.
 51333 | Vaults:3 | Reached skill level 6 in Stealth
 51404 | Vaults:3 | Reached XP level 22. HP: 157/157 MP: 39/39
 51671 | Vaults:4 | Found a crumbling gateway.
 51672 | Vaults:4 | Noticed Xtahua
 51680 | Vaults:4 | Killed Xtahua
 51700 | Desolati | Entered the Desolation of Salt
 51748 | Desolati | Found the +6 lightning scales {swift, rElec}
 51770 | Desolati | Reached skill level 7 in Stealth
 51781 | Desolati | Identified the +0 cloak "Vumnuv" {-Cast Rampage rPois rC+}
 51783 | Desolati | Identified the +4 short sword "Jexoh" {protect, rN+ Int+3}
 51971 | Desolati | Identified the ring "Liblud" {Will- MP+9 Int+5}
 51986 | Desolati | Reached skill level 9 in Translocations
 52007 | Desolati | Identified the ring "Gaonkal" {rPois rN+ Str+6}
 52127 | Desolati | Identified the ring "Poixic" {Fly rF- Int+2 SInv}
 52133 | Desolati | Identified the +7 trident "Qulien" {antimagic, +Blink
                  | rElec}
 52138 | Desolati | Identified the +7 shortbow "Peepouni" {vorpal, rPois rC+
                  | rCorr Int+2}
 52526 | Vaults:4 | Reached skill level 8 in Stealth
 52569 | Vaults:4 | Found Woamaimu's Antique Weapon Boutique.
 52874 | Vaults:4 | Identified the ring of the Spinneret {Fly rPois rF- rN+
                  | MP+9}
 53961 | Vaults:4 | Learned a level 4 spell: Animate Dead
 54061 | Crypt:1  | Entered Level 1 of the Crypt
 54161 | Crypt:1  | Reached skill level 1 in Necromancy
 54244 | Crypt:1  | Reached skill level 9 in Stealth
 54252 | Crypt:1  | Reached XP level 23. HP: 163/163 MP: 40/40
 54306 | Crypt:1  | Reached skill level 2 in Necromancy
 54399 | Crypt:1  | Identified the +8 chain mail of a wizard's laboratory
                  | {rPois rC+}
 54673 | Crypt:1  | Noticed a curse skull
 54686 | Crypt:1  | Killed a curse skull
 54694 | Crypt:1  | Reached skill level 16 in Dodging
 55138 | Crypt:2  | Noticed Baibufen's ghost (veteran CeHu)
 55138 | Crypt:2  | Found a runed translucent door.
 55225 | Crypt:2  | Reached skill level 3 in Necromancy
 55467 | Crypt:2  | Reached skill level 21 in Unarmed Combat
 55492 | Crypt:2  | Reached skill level 10 in Translocations
 56133 | Crypt:2  | Killed Baibufen's ghost
 56216 | Crypt:3  | Entered Level 3 of the Crypt
 56244 | Crypt:2  | Found a shimmering altar of Xom.
 56364 | Crypt:3  | Reached skill level 4 in Necromancy
 56628 | Crypt:3  | Reached skill level 17 in Transmutations
 56701 | Crypt:3  | Reached skill level 10 in Stealth
 56743 | Crypt:3  | Found a basalt altar of Yredelemnul.
 56743 | Crypt:3  | Noticed a dread lich
 56746 | Crypt:3  | Killed a dread lich
 56747 | Crypt:3  | Reached skill level 14 in Spellcasting
 56800 | Crypt:3  | Reached skill level 10 in Evocations
 56825 | Crypt:3  | Reached skill level 5 in Necromancy
 56904 | Crypt:3  | Reached skill level 16 in Fighting
 57238 | Crypt:3  | Got Gloorx Vloq's Guide on the Grave
 57372 | Crypt:3  | Found a staircase to the Tomb.
 58033 | Depths:1 | Entered Level 1 of the Depths
 58110 | Depths:1 | Reached skill level 6 in Necromancy
 58235 | Depths:1 | Found a runed translucent gate.
 58235 | Depths:1 | Found a runed translucent gate.
 58235 | Depths:1 | Found a runed translucent gate.
 58242 | Depths:1 | You fall into a shaft and drop 1 floor!
 58424 | Depths:2 | Reached XP level 24. HP: 171/171 MP: 37/41
 58778 | Depths:1 | Found a gateway to Hell.
 58859 | Depths:1 | Reached skill level 11 in Stealth
 58869 | Depths:1 | Learned a level 8 spell: Necromutation
 59243 | Depths:1 | Found Datex's Book Shop.
 59243 | Depths:1 | Found Heygre's Jewellery Emporium.
 59244 | Depths:1 | Found Dediota's Jewellery Emporium.
 59443 | Depths:1 | Reached skill level 7 in Necromancy
 59476 | Depths:1 | Found a runed translucent gate.
 59476 | Depths:1 | Found a runed translucent gate.
 59483 | Depths:1 | Found a runed translucent gate.
 59484 | Depths:1 | Noticed Pikuto's ghost (adept MiBe)
 59879 | Depths:2 | Found a one-way gate leading to the halls of Pandemonium.
 60106 | Depths:2 | Found a glowing silver altar of Zin.
 60294 | Depths:2 | Found an ancient bone altar of Kikubaaqudgha.
 60330 | Depths:2 | Reached skill level 11 in Evocations
 60389 | Depths:2 | Reached skill level 8 in Necromancy
 60431 | Depths:2 | Identified the +9 falchion "Newtbane" {protect, rF+ rC+
                  | Will-}
 60613 | Depths:2 | Identified a scroll of acquirement
 60670 | Depths:2 | Reached skill level 18 in Transmutations
 60917 | Depths:2 | Identified the +2 spear "Ogrebane" {vorpal, Str+4 Int+3}
 61212 | Depths:2 | Found a one-way gate to the infinite horrors of the Abyss.
 61213 | Depths:2 | Found a corrupted altar of Lugonu.
 61222 | Depths:2 | Acquired 858 gold pieces
 61282 | Depths:3 | Reached skill level 12 in Stealth
 61609 | Depths:3 | Found a one-way gateway to a ziggurat.
 61980 | Depths:3 | Reached XP level 25. HP: 179/179 MP: 41/41
 62030 | Depths:3 | Noticed a caustic shrike
 62036 | Depths:3 | Killed a caustic shrike
 62037 | Depths:3 | Reached skill level 9 in Necromancy
 62217 | Depths:4 | Entered Level 4 of the Depths
 62425 | Depths:4 | Reached skill level 17 in Dodging
 62486 | Depths:4 | Found a gate to the Realm of Zot.
 63130 | Depths:4 | Found a sparkling altar of Nemelex Xobeh.
 63517 | Depths:4 | Reached skill level 10 in Necromancy
 63701 | Depths:1 | Bought the ring of Ibbufoewk {rF+ rN+ Int+6} for 634 gold
                  | pieces
 63992 | Vaults:5 | Entered Level 5 of the Vaults
 63995 | Vaults:5 | Reached skill level 17 in Fighting
 63999 | Vaults:5 | Reached skill level 15 in Spellcasting
 64001 | Vaults:5 | Reached skill level 12 in Evocations
 64005 | Vaults:5 | Identified the +8 spear of Ihu Vick {pain, Fly rPois Str+2
                  | Int+3}
 64017 | Vaults:5 | Reached skill level 19 in Transmutations
 64042 | Vaults:5 | Identified the +3 troll leather armour "Vidaog" {rPois
                  | Regen+ Stlth+}
 64070 | Vaults:5 | Identified the +9 broad axe of Slime {pain, Int+3}
 64074 | Vaults:5 | Reached skill level 22 in Unarmed Combat
 64087 | Vaults:5 | Found Myutim's Jewellery Boutique.
 64090 | Vaults:5 | Identified the +1 ring mail "Cink" {Rampage rPois Dex+5}
 64096 | Vaults:5 | Reached XP level 26. HP: 187/187 MP: 42/42
 64811 | Vaults:5 | Identified the +9 rapier of Gluttony {antimagic, rCorr SInv
                  | Stlth+}
 65008 | Vaults:5 | Identified the +2 trident of Valiance {vorpal, rF+++ Str+4
                  | Int+4 Dex-2}
 65011 | Vaults:5 | Got a silver rune of Zot
 65649 | Depths:1 | Noticed a shard shrike
 65649 | Depths:1 | a rockslime changed into a shard shrike
 65652 | Depths:1 | Noticed a juggernaut
 65652 | Depths:1 | a shard shrike changed into a juggernaut
 65657 | Depths:1 | a juggernaut changed into a titan
 65665 | Depths:1 | Noticed a shard shrike
 65665 | Depths:1 | a rockslime changed into a shard shrike
 65674 | Depths:1 | Noticed a juggernaut
 65674 | Depths:1 | a shard shrike changed into a juggernaut
 65675 | Depths:1 | a juggernaut changed into a rockslime
 66036 | Depths:1 | Killed Pikuto's ghost
 66102 | Depths:1 | Learned a level 1 spell: Apportation
 66113 | Depths:1 | Identified the +2 hat of Biul {Int+7}
 66451 | Slime:1  | Entered Level 1 of the Pits of Slime
 66479 | Slime:1  | Reached skill level 13 in Evocations
 67854 | Slime:4  | Noticed Dissolution
 67856 | Slime:4  | Reached skill level 20 in Transmutations
 67867 | Slime:4  | Killed Dissolution
 67868 | Slime:4  | Reached skill level 18 in Dodging
 68543 | D:8      | Bought a scroll of torment for 152 gold pieces
 68646 | Orc:2    | Bought a scroll of torment for 133 gold pieces
 68907 | Slime:5  | Entered Level 5 of the Pits of Slime
 69003 | Slime:5  | Gained mutation: Potions are less effective at restoring
                  | your health. [a shining eye]
 69780 | Slime:5  | Noticed the Royal Jelly
 69788 | Slime:5  | Killed the Royal Jelly
 70424 | Slime:5  | Reached skill level 18 in Fighting
 70461 | Slime:5  | Found the +2 hat of the Bear Spirit {Spirit, *Rage Will++}
 70472 | Slime:5  | Identified the amulet of Merghef {Faith Rampage *Corrode
                  | +Inv SInv}
 70482 | Slime:5  | Identified the +0 chain mail of Dithmenos's Whim {Int+5}
 70509 | Slime:5  | Got a slimy rune of Zot
 70560 | Slime:5  | Identified the +9 quarterstaff of Classification {venom,
                  | rCorr Int+4 Dex+4}
 71317 | Depths:3 | Voluntarily entered the Abyss.
 71399 | Abyss:2  | Reached skill level 16 in Spellcasting
 71489 | Abyss:3  | Reached XP level 27. HP: 195/195 MP: 38/43
 71495 | Abyss:3  | Got an abyssal rune of Zot
 71517 | Depths:3 | You pass through the gate.
 71517 | Depths:3 | Escaped the Abyss
 71929 | Vaults:2 | You showed the abyssal rune of Zot to enter a treasure
                  | trove
 71930 | Trove    | Entered a treasure trove
 71991 | Vaults:2 | Lost mutation: Potions are less effective at restoring your
                  | health. [potion of mutation]
 71991 | Vaults:2 | Gained mutation: One of your tentacles bears a spike.
                  | [potion of mutation]
 71991 | Vaults:2 | Gained mutation: Your mind is acute. (Int +4, Str/Dex -1)
                  | [potion of mutation]
 71991 | Vaults:2 | Gained mutation: You are robust. (+10% HP) [potion of
                  | mutation]
 72396 | Depths:1 | Bought the ring of Hospitality {rF+ rC+++ MP+9 Str-4 SInv}
                  | for 817 gold pieces
 72485 | Zot:1    | Entered Level 1 of the Realm of Zot
 72485 | Zot:1    | Noticed an ancient lich
 72492 | Zot:1    | Reached skill level 11 in Necromancy
 72497 | Zot:1    | Noticed an electric golem
 72498 | Zot:1    | Killed an ancient lich
 72811 | Zot:1    | Killed an electric golem
 72905 | Zot:1    | Noticed a curse toe
 73191 | Zot:1    | Noticed an electric golem
 73197 | Zot:1    | Killed an electric golem
 73243 | Zot:1    | Killed a curse toe
 73327 | Zot:1    | Reached skill level 14 in Evocations
 73691 | Zot:2    | Identified the +2 scale mail "Ratwaakk" {Fly Int+2}
 74270 | Zot:2    | Reached skill level 12 in Necromancy
 76394 | Zot:4    | Noticed an orb of fire
 76442 | Zot:4    | Killed an orb of fire
 76859 | Zot:4    | Identified the +3 dagger of Joipname {flame, rC+ Int+2
                  | SInv}
 76860 | Zot:4    | Got the Grimoire of The Black Sun
 76896 | Zot:5    | Entered Level 5 of the Realm of Zot
 77033 | Zot:5    | Reached skill level 13 in Necromancy
 77064 | Zot:5    | Reached skill level 23 in Unarmed Combat
 77128 | Zot:5    | Noticed a curse toe
 77133 | Zot:5    | Killed a curse toe
 77320 | Zot:5    | Noticed a dread lich
 77327 | Zot:5    | Killed a dread lich
 77829 | Zot:5    | Noticed an ancient lich
 77832 | Zot:5    | Killed an ancient lich
 77833 | Zot:5    | Reached skill level 7 in Ice Magic
 77880 | Zot:5    | Noticed an ancient lich
 77902 | Zot:5    | Killed an ancient lich
 77903 | Zot:5    | Reached skill level 19 in Dodging
 78066 | Zot:5    | Noticed a dread lich
 78069 | Zot:5    | Noticed an orb of fire
 78102 | Zot:5    | Reached skill level 15 in Evocations
 78111 | Zot:5    | Noticed a dread lich
 78122 | Zot:5    | Noticed an electric golem
 78123 | Zot:5    | Noticed an electric golem
 78126 | Zot:5    | Noticed an orb of fire
 78140 | Zot:4    | Killed an orb of fire
 78392 | Zot:4    | Killed a dread lich
 78417 | Zot:5    | Killed an electric golem
 78515 | Zot:5    | Noticed a dread lich
 78535 | Zot:5    | Killed a dread lich
 78535 | Zot:5    | Noticed a dread lich
 78547 | Zot:5    | Killed a dread lich
 78548 | Zot:5    | Reached skill level 8 in Ice Magic
 78553 | Zot:5    | Noticed a dread lich
 78562 | Zot:5    | Killed an orb of fire
 78563 | Zot:5    | Reached skill level 21 in Transmutations
 78564 | Zot:5    | Killed a dread lich
 78565 | Zot:5    | Reached skill level 14 in Necromancy
 78575 | Zot:5    | Noticed an ancient lich
 78877 | Zot:5    | Killed a dread lich
 78878 | Zot:5    | Reached skill level 19 in Fighting
 78879 | Zot:5    | Killed an ancient lich
 79114 | Zot:5    | Killed an electric golem
 79115 | Zot:5    | Reached skill level 17 in Spellcasting
 79177 | Zot:5    | Noticed an ancient lich
 79399 | Zot:5    | Noticed a curse toe
 79410 | Zot:5    | Killed a curse toe
 79486 | Zot:5    | Reached skill level 9 in Ice Magic
 79546 | Zot:5    | Killed an ancient lich
 80779 | Tomb:1   | Entered Level 1 of the Tomb of the Ancients
 80838 | Tomb:1   | Identified the +8 rapier of Juingunn {holy, rF+}
 80989 | Tomb:1   | Noticed Mennas
 81016 | Tomb:1   | Killed Mennas
 81228 | Tomb:1   | Noticed a royal mummy
 81229 | Tomb:1   | Noticed a royal mummy
 81242 | Tomb:1   | Killed a royal mummy
 81254 | Tomb:1   | Killed a royal mummy
 81255 | Tomb:1   | Reached skill level 15 in Necromancy
 81260 | Tomb:1   | Reached skill level 10 in Ice Magic
 82658 | Hell     | Entered the Vestibule of Hell
 82659 | Hell     | Noticed Geryon
 82677 | Hell     | Killed Geryon
 82832 | Hell     | Noticed a dread lich
 83138 | Depths:1 | Killed a dread lich
 83671 | Depths:1 | Reached skill level 11 in Ice Magic
 86292 | Hell     | Found a gateway to the ashen valley of Gehenna.
 86343 | Hell     | Found a gateway to the decaying netherworld of Tartarus.
 86425 | Hell     | Found a gateway to the freezing wastes of Cocytus.
 86616 | Hell     | Found a gateway to the Iron City of Dis.
 86975 | Zig:1    | Entered Level 1 of a ziggurat
 86997 | Zig:2    | Entered Level 2 of a ziggurat
 87020 | Zig:3    | Entered Level 3 of a ziggurat
 87031 | Zig:3    | Identified +0 pearl dragon scales
 87047 | Zig:4    | Entered Level 4 of a ziggurat
 87085 | Zig:5    | Entered Level 5 of a ziggurat
 87089 | Zig:5    | Found the +8 mithril axe "Arga" {speed, Will+}
 87112 | Zig:5    | Identified the +7 flail of Arrival {drain, rPois Dex+6}
 87122 | Zig:6    | Entered Level 6 of a ziggurat
 87129 | Zig:6    | Noticed Iker the pandemonium lord
 87141 | Zig:6    | Killed Iker the pandemonium lord
 87322 | Zig:7    | Entered Level 7 of a ziggurat
 87335 | Zig:7    | Reached skill level 12 in Ice Magic
 87774 | Zig:7    | Identified the +9 long sword of Dried Tears {protect,
                  | Fragile rF+ Int+5}
 87792 | Zig:8    | Entered Level 8 of a ziggurat
 87798 | Zig:8    | Found the +5 glaive of the Guard {elec, spectral, AC+5}
 87802 | Zig:8    | You are cast into the Abyss!
 87802 | Abyss:4  | Cast into level 4 of the Abyss (red draconian)
 87820 | Abyss:4  | Reached skill level 20 in Dodging
 87863 | Abyss:4  | Found a basalt altar of Yredelemnul.
 87889 | Zig:8    | You pass through the gate.
 87889 | Zig:8    | Escaped the Abyss
 87977 | Zig:9    | Entered Level 9 of a ziggurat
 87985 | Zig:9    | Noticed an ancient lich
 87985 | Zig:9    | Noticed a dread lich
 87986 | Zig:9    | Noticed a dread lich
 87986 | Zig:9    | Noticed a dread lich
 87992 | Zig:9    | Killed a dread lich
 87993 | Zig:9    | Killed a dread lich
 87994 | Zig:9    | Killed an ancient lich
 87998 | Zig:9    | Killed a dread lich
 87999 | Zig:9    | Reached skill level 20 in Fighting
 87999 | Zig:9    | Reached skill level 24 in Unarmed Combat
 87999 | Zig:9    | Reached skill level 18 in Spellcasting
 88017 | Zig:9    | Got the Handbook of Windy Transposition
 88023 | Zig:9    | Identified the +4 whip of Uncertain Death {flame, Int+4}
 88027 | Zig:9    | Identified the amulet "Fuysk" {Reflect +Inv rCorr Str-4
                  | Dex-3 SH+5}
 88061 | Zig:10   | Entered Level 10 of a ziggurat
 88072 | Zig:10   | Identified a potion of experience
 88077 | Zig:10   | Reached skill level 13 in Ice Magic
 88112 | Zig:10   | Identified the +0 dagger of the Forsaken Knives {vorpal,
                  | Will+ rCorr}
 88133 | Zig:10   | Identified the +8 plate armour of Unreason {rPois Int+4}
 88151 | Zig:10   | Reached skill level 14 in Ice Magic
 88257 | Zig:11   | Entered Level 11 of a ziggurat
 88282 | Zig:11   | Paralysed by accursed screaming for 1 turns
 88335 | Zig:11   | Identified the +2 robe of Liso Evelir {rF- rC++ rN+ rCorr}
 88339 | Zig:11   | Got Goytemno's Tome of Violent Flames
 88350 | Zig:11   | Got Hiczaqit's Secrets of Conduction
 88432 | Zig:12   | Entered Level 12 of a ziggurat
 88441 | Zig:12   | Found the +13 scythe of Curses {drain, Drain}
 88442 | Zig:12   | Noticed a caustic shrike
 88443 | Zig:12   | Noticed a caustic shrike
 88444 | Zig:12   | Noticed a caustic shrike
 88448 | Zig:12   | Killed a caustic shrike
 88450 | Zig:12   | Killed a caustic shrike
 88451 | Zig:12   | Reached skill level 15 in Ice Magic
 88451 | Zig:12   | Killed a caustic shrike
 88507 | Zig:12   | Identified the +1 shortbow "Jad Leum" {venom, Str+4 Dex-4
                  | Stlth+}
 88527 | Zig:12   | Identified the +5 rapier "Taoho" {freeze, rF- Dex+6}
 88534 | Zig:12   | Identified the +8 scimitar "Demonslayer" {spect, rC+++
                  | Stlth+}
 88570 | Zig:13   | Entered Level 13 of a ziggurat
 88901 | Zig:13   | Got the Incunabulum of Venomous Death
 88917 | Zig:14   | Entered Level 14 of a ziggurat
 88922 | Zig:14   | Noticed a curse skull
 88935 | Zig:14   | Killed a curse skull
 88941 | Zig:14   | Noticed a curse skull
 88950 | Zig:14   | Identified the ring "Egraot" {rElec SInv}
 88953 | Zig:14   | Got Zivein Lomi's Folio of Karma
 88955 | Zig:14   | HP: 12/221 [vampire knight/+0 broad axe (21)]
 88961 | Depths:3 | HP: 28/287 [vampire knight/+0 broad axe (6)]
 88973 | Depths:3 | Learned a level 7 spell: Storm Form
 90086 | Depths:4 | Learned a level 3 spell: Swiftness
 90100 | Pan      | Entered Pandemonium
 90151 | Pan      | Reached skill level 16 in Ice Magic
 90162 | Pan      | Reached skill level 4 in Air Magic
 90172 | Pan      | Found a huge runed translucent gate.
 90309 | Pan      | Found a huge runed translucent gate.
 90309 | Pan      | Found a huge runed translucent gate.
 90310 | Pan      | Found a huge runed translucent gate.
 90922 | Pan      | Found a huge runed translucent gate.
 90923 | Pan      | Found a huge runed translucent gate.
 90931 | Pan      | Reached skill level 5 in Air Magic
 91077 | Pan      | Found a huge runed translucent gate.
 91082 | Pan      | Noticed Dafriq the pandemonium lord
 91093 | Pan      | Killed Dafriq the pandemonium lord
 91378 | Pan      | Reached skill level 6 in Air Magic
 92175 | Pan      | Reached skill level 7 in Air Magic
 92198 | Pan      | Reached skill level 17 in Ice Magic
 92558 | Pan      | Reached skill level 8 in Air Magic
 92569 | Pan      | Noticed Buusau the pandemonium lord
 92569 | Pan      | Noticed Buusau the pandemonium lord
 92785 | Pan      | Reached skill level 25 in Unarmed Combat
 92791 | Pan      | Killed Buusau the pandemonium lord
 93104 | Pan      | Identified a +2 robe of resistance
 93391 | Pan      | Got a demonic rune of Zot
 93404 | Pan      | Reached skill level 9 in Air Magic
 93800 | Pan      | Learned a level 9 spell: Polar Vortex
 93971 | Pan      | Reached skill level 18 in Ice Magic
 94106 | Pan      | Noticed Kuentiycor the pandemonium lord
 94229 | Pan      | Killed Kuentiycor the pandemonium lord
 94229 | Pan      | Reached skill level 10 in Air Magic
 95169 | Pan      | Reached skill level 11 in Air Magic
 95216 | Pan      | Identified the +6 glaive "Kiyq" {freeze, rElec}
 95305 | Pan      | Noticed Biajaemn the pandemonium lord
 95314 | Pan      | Killed Biajaemn the pandemonium lord
 95483 | Pan      | Lost mutation: You are robust. (+10% HP) [a neqoxec]
 95731 | Pan      | Identified the +1 robe "Ivvalibb" {Fly rElec rF+++ Slay-4}
 96052 | Depths:4 | You pass through the gate.
 96052 | Depths:4 | Escaped Pandemonium
 96342 | Pan      | Entered Pandemonium
 96352 | Pan      | Reached skill level 19 in Ice Magic
 96473 | Pan      | Noticed Ruixkupp the pandemonium lord
 96476 | Pan      | Killed Ruixkupp the pandemonium lord
 97232 | Pan      | Gained mutation: Your magical capacity is low. (-10% MP) [a
                  | neqoxec]
 97494 | Pan      | Reached skill level 12 in Air Magic
 97636 | Pan      | Noticed Laus the pandemonium lord
 98003 | Pan      | Killed Laus the pandemonium lord
 99054 | Pan      | Reached skill level 20 in Ice Magic
 99109 | Pan      | Noticed Azxusidy the pandemonium lord
 99116 | Pan      | Killed Azxusidy the pandemonium lord
 99313 | Pan      | Found an exit through the horrors of the Abyss.
 99694 | Pan      | Reached skill level 26 in Unarmed Combat
 99694 | Pan      | Reached skill level 13 in Air Magic
100500 | Pan      | Noticed Xasu the pandemonium lord
100508 | Pan      | Killed Xasu the pandemonium lord
100587 | Pan      | Reached skill level 21 in Ice Magic
101481 | Pan      | Noticed Buelehef the pandemonium lord
101482 | Pan      | Killed Buelehef the pandemonium lord
101776 | Depths:2 | You pass through the gate.
101776 | Depths:2 | Escaped Pandemonium
101799 | Pan      | Entered Pandemonium
101875 | Pan      | Reached skill level 14 in Air Magic
102275 | Pan      | Found a white marble altar of Elyvilon.
102632 | Pan      | Reached skill level 22 in Ice Magic
103017 | Pan      | Identified the +0 pair of gloves "Riapomy" {rF+ MP+9}
103021 | Pan      | Found a glowing silver altar of Zin.
103331 | Pan      | Identified the +0 buckler "Hogon" {Str+4}
104166 | Pan      | Identified +0 pearl dragon scales
104166 | Pan      | Noticed a seraph
104170 | Pan      | Found a glowing golden altar of the Shining One.
104171 | Pan      | Killed a seraph
104176 | Pan      | Reached skill level 15 in Air Magic
104200 | Pan      | Identified the +5 morningstar "Mawuugh" {drain, rF+++}
104203 | Pan      | Identified the ring of Paxzuun {Fly Int+4}
104208 | Pan      | Got the Omnibus of Terra Firma
104215 | Pan      | Identified the +6 halberd of the Firefly {freeze, Fragile
                  | rCorr Dex+5 Stlth+}
104218 | Pan      | Identified the +0 storm dragon scales of Activism {*Slow
                  | rElec Regen+ SInv}
104632 | Pan      | Reached skill level 23 in Ice Magic
105197 | Pan      | Reached skill level 27 in Unarmed Combat
105474 | Depths:2 | You pass through the gate.
105474 | Depths:2 | Escaped Pandemonium
105499 | Pan      | Entered Pandemonium
105511 | Pan      | Noticed Xicipnaw the pandemonium lord
105519 | Pan      | Killed Xicipnaw the pandemonium lord
105645 | Pan      | Found an exit through the horrors of the Abyss.
106868 | Pan      | Reached skill level 13 in Stealth
107205 | Pan      | Entered the realm of Gloorx Vloq.
107628 | Pan      | Reached skill level 16 in Air Magic
107654 | Pan      | Reached skill level 24 in Ice Magic
107791 | Pan      | Noticed a curse skull
107794 | Pan      | Killed a curse skull
107796 | Pan      | Noticed a curse skull
107807 | Pan      | Killed a curse skull
107914 | Pan      | Noticed Gloorx Vloq
107924 | Pan      | Killed Gloorx Vloq
107957 | Pan      | Got a dark rune of Zot
108255 | Pan      | Reached skill level 14 in Stealth
108316 | Pan      | Entered the realm of Mnoleg.
108316 | Pan      | Found an exit through the horrors of the Abyss.
109137 | Pan      | Noticed Mnoleg
109161 | Pan      | Killed Mnoleg
109540 | Pan      | Got a glowing rune of Zot
110046 | Pan      | Noticed Idush the pandemonium lord
110049 | Pan      | Killed Idush the pandemonium lord
110058 | Pan      | Reached skill level 15 in Stealth
111169 | Pan      | Reached skill level 25 in Ice Magic
111233 | Pan      | Entered the realm of Lom Lobon.
111271 | Pan      | Found an exit through the horrors of the Abyss.
111280 | Pan      | Reached skill level 19 in Spellcasting
111296 | Pan      | Noticed Lom Lobon
111299 | Pan      | Killed Lom Lobon
111300 | Pan      | Reached skill level 1 in Throwing
111300 | Pan      | Reached skill level 17 in Air Magic
111316 | Pan      | Got a magical rune of Zot
111441 | Pan      | Reached skill level 22 in Transmutations
111559 | Pan      | Reached skill level 2 in Throwing
112134 | Depths:2 | You pass through the gate.
112134 | Depths:2 | Escaped Pandemonium
112143 | Pan      | Entered Pandemonium
112147 | Pan      | Reached skill level 3 in Throwing
112397 | Pan      | Learned a level 7 spell: Ozocubu's Refrigeration
112585 | Pan      | Noticed Diurr the pandemonium lord
112601 | Pan      | Killed Diurr the pandemonium lord
112630 | Pan      | Reached skill level 4 in Throwing
113213 | Pan      | Found an exit through the horrors of the Abyss.
113477 | Pan      | Reached skill level 18 in Air Magic
113599 | Pan      | Entered the realm of Cerebov.
113682 | Pan      | Identified the ring of Xom's Attic {Ice Str+7}
113713 | Pan      | Identified the +7 hand axe "Ogi Tier" {freeze, Dex+5
                  | Stlth+}
113719 | Pan      | Identified the amulet "Akkeal" {Reflect Dex+2 SH+5}
113745 | Pan      | Identified the amulet "Imilak" {rC- Will++ Regen+ Str+5}
113792 | Pan      | Reached skill level 5 in Throwing
113858 | Pan      | Identified the +7 hand axe of Responsibility {speed,
                  | Fragile rCorr Dex+4}
113993 | Pan      | Found the +6 sword of Cerebov {flame}
113993 | Pan      | Noticed Cerebov
114024 | Pan      | Killed Cerebov
114049 | Pan      | Got a fiery rune of Zot
114193 | Pan      | Reached skill level 6 in Throwing
114294 | Pan      | Reached skill level 23 in Transmutations
114332 | Pan      | Reached skill level 19 in Air Magic
114428 | Pan      | Found an exit through the horrors of the Abyss.
114969 | Pan      | Found a transporter.
115121 | Pan      | Reached skill level 7 in Throwing
115186 | Pan      | Found a transporter.
115465 | Pan      | Identified the ring "Xion" {rPois rC++ Str-4 Int+8 Dex+3}
115478 | Pan      | Identified the ring "Saschelu" {rPois rC- EV+4 Slay+4
                  | Stlth+}
115906 | Pan      | Reached skill level 20 in Spellcasting
115930 | Pan      | Noticed Wuun the pandemonium lord
115949 | Pan      | Killed Wuun the pandemonium lord
116214 | Pan      | Identified the ring of Amishah {Wiz Contam rPois Str+3}
116690 | Pan      | Reached skill level 8 in Throwing
116728 | Pan      | Noticed Vugatuca the pandemonium lord
116731 | Pan      | Killed Vugatuca the pandemonium lord
116820 | Pan      | Reached skill level 20 in Air Magic
117410 | Depths:2 | You pass through the gate.
117410 | Depths:2 | Escaped Pandemonium
117451 | Depths:2 | Learned a level 4 spell: Passage of Golubria
118049 | Tomb:1   | Lost mutation: Your magical capacity is low. (-10% MP)
                  | [potion of mutation]
118049 | Tomb:1   | Lost mutation: Your mind is acute. (Int +4, Str/Dex -1)
                  | [potion of mutation]
118049 | Tomb:1   | Lost mutation: One of your tentacles bears a spike. [potion
                  | of mutation]
118049 | Tomb:1   | Gained mutation: Your muscles are strong. (Str +4, Int/Dex
                  | -1) [potion of mutation]
118049 | Tomb:1   | Gained mutation: You passively dampen the noise of your
                  | surroundings. [potion of mutation]
118049 | Tomb:1   | Gained mutation: Your mind is acute. (Int +4, Str/Dex -1)
                  | [potion of mutation]
118072 | Tomb:2   | Noticed a royal mummy
118080 | Tomb:2   | Killed a royal mummy
118117 | Tomb:2   | Noticed a royal mummy
118177 | Tomb:2   | Killed a royal mummy
118195 | Tomb:2   | Noticed a royal mummy
118203 | Tomb:2   | Killed a royal mummy
118223 | Tomb:2   | Noticed a royal mummy
118233 | Tomb:2   | Killed a royal mummy
118234 | Tomb:2   | Reached skill level 9 in Throwing
118234 | Tomb:2   | Reached skill level 24 in Transmutations
118350 | Tomb:2   | Identified the +1 leather armour of Efilimp {rC+ rN+ Dex+2}
118584 | Tomb:1   | Noticed a royal mummy
118585 | Tomb:1   | Noticed a royal mummy
118590 | Tomb:1   | HP: 18/201 [bennu (4)]
118590 | Tomb:1   | Slain by a bennu

Vanquished Creatures
  Cerebov (Pan)
  the Royal Jelly (Slime:5)
  Dissolution (Slime:4)
  Gloorx Vloq (Pan)
  A seraph (Pan)
  Mnoleg (Pan)
  Lom Lobon (Pan)
  7 ancient liches (Abyss:2 Zot:1 Zot:5 Zig:9)
  11 dread liches (Crypt:3 Zot:5 Zot:4 Depths:1 Zig:9)
  Mennas (Tomb:1)
  3 orbs of fire (Zot:4 Zot:5)
  14 pandemonium lords (Zig:6 Pan)
  The ghost of Baibufen the Warrior, a veteran CeHu of the Shining One (Crypt:2)
  6 royal mummies (Tomb:1 Tomb:2)
  8 Killer Klowns (Zot:1 Zot:2 Zot:3 Zot:5)
  Xtahua (Vaults:4)
  3 curse toes (Zot:1 Zot:5)
  4 caustic shrikes (Depths:3 Zig:12)
  Geryon (Hell)
  8 golden dragons (Depths:3 Vaults:5 Zot:1 Zot:3 Zot:5)
  3 bone dragons (Crypt:3 Depths:4 Abyss:2)
  The ghost of Pikuto the Slayer, an adept MiBe of Trog (Depths:1)
  Arachne (Spider:2)
  4 pearl dragons (Zig:3 Pan)
  4 electric golems (Zot:1 Zot:5)
  Zenata (Vaults:1)
  7 Tzitzimimeh (Depths:2 Zig:6 Pan)
  13 Brimstone Fiends (Pan)
  A hellephant (Pan)
  An iron giant (shapeshifter) (Vaults:3)
  9 Hell Sentinels (Pan)
  17 Ice Fiends (Pan)
  Jorgrun (Elf:1)
  Asterion (Spider:3)
  24 tentacled monstrosities (Depths:1 Depths:3 Depths:4 Vaults:5 Zot:1)
  25 Orb Guardians (Zot:5 Zot:4)
  11 titans (Depths:1 Depths:3 Vaults:5 Pan)
  5 liches (Crypt:3 Depths:3 Pan Tomb:2)
  A walking divine tome (Depths:3)
  3 deep elf blademasters (Elf:2 Elf:3)
  2 tentacled starspawn (Abyss:2 Zig:11)
  2 deep elf master archers (Elf:3)
  3 quicksilver dragons (Vaults:2 Zot:4 Zig:10)
  21 acid blobs (Slime:1 Slime:2 Slime:3 Slime:5 Slime:4)
  47 Executioners (Depths:2 Zig:6 Pan)
  2 ancient champions (Crypt:1 Tomb:2)
  7 sphinxes (Vaults:2 Vaults:4 Vaults:5 Tomb:1)
  The ghost of FizzleBangTC the Gelid, an adept MeEE of Ashenzari (Spider:4)
  6 death cobs (Zot:1 Zot:2 Zot:5)
  7 tengu reavers (Vaults:3 Depths:3 Vaults:5)
  16 storm dragons (Depths:3 Depths:4 Vaults:5 Zot:1 Zot:3)
  8 shadow dragons (Depths:4 Vaults:5 Zot:2 Zot:3 Zot:4)
  Kirke (Elf:1)
  Donald (Orc:2)
  A fenstrider witch (Swamp:1)
  2 nagarajas (Zig:10)
  8 draconian monks (Depths:4 Zot:2 Zot:4 Zot:5)
  7 emperor scorpions (Spider:3 Spider:4)
  24 daevas (Zig:7 Pan)
  A revenant (Abyss:2)
  15 rockslimes (Slime:1 Slime:2 Slime:3 Slime:5 Slime:4)
  18 demonspawn warmongers (Pan)
  16 azure jellies (Slime:3 Slime:5 Slime:4 Zig:13)
  5 fire giants (Depths:1 Depths:3 Depths:4 Vaults:5)
  3 draconian knights (Zot:2 Zot:4 Zot:5)
  7 draconian scorchers (Zot:4 Zig:8 Zig:11)
  5 frost giants (Depths:3 Depths:4 Vaults:5 Depths:1)
  3 iron dragons (Vaults:5 Depths:1)
  15 vault wardens (Vaults:1 Vaults:2 Vaults:3 Vaults:4 Vaults:5)
  7 ghost moths (Spider:2 Zot:1 Zot:2 Zot:5)
  Aizul (Spider:1)
  2 imperial myrmidons (Desolation)
  Louise (Spider:2)
  40 balrugs (Depths:4 Pan)
  A spectral caustic shrike (Depths:2)
  38 cacodemons (Depths:1 Pan)
  3 deep elf sorcerers (Elf:3 Abyss:2)
  2 juggernaut zombies (Crypt:3 Depths:2)
  4 ghouls (Crypt:1)
  14 demonspawn blood saints (Pan)
  18 ironbound preservers (Vaults:1 Vaults:2 Vaults:3 Vaults:4 Vaults:5)
  3 draconian shifters (Zot:4 Zig:8)
  4 curse skulls (Crypt:1 Zig:14 Pan)
  4 deep elf elementalists (Elf:3)
  41 angels (Zig:7 Pan)
  8 quicksilver oozes (Slime:2 Slime:4 Slime:5)
  9 draconian annihilators (Zot:1 Zot:4 Zot:5 Zig:8 Pan)
  4 draconian stormcallers (Zot:1 Zot:3 Zot:5 Zig:11)
  A quicksilver ooze (shapeshifter) (Vaults:5)
  11 war gargoyles (Vaults:4 Crypt:3 Vaults:5 Zig:12)
  43 very ugly things (IceCv Vaults:1 Vaults:4 Depths:1 Depths:4)
  29 reapers (Depths:2 Depths:4 Hell Pan)
  19 demonspawn corrupters (Pan)
  4 spriggan defenders (Depths:2)
  11 green draconians (Depths:4 Zot:1 Zot:2 Zot:3 Zot:4)
  41 apis (Zig:7 Pan)
  3 juggernaut skeletons (Crypt:3 Depths:2 Pan)
  Azrael (Elf:1)
  17 ophanim (Zig:7 Pan)
  7 eleionomae (Swamp:1 Swamp:2 Swamp:3 Swamp:4)
  6 bennus (Tomb:1 Tomb:2)
  15 stone giants (Vaults:3 Depths:2 Depths:1 Depths:3 Depths:4)
  14 demonspawn black suns (Zot:4 Pan)
  2 broodmothers (Spider:2 Spider:3)
  9 deep elf demonologists (Elf:1 Elf:2 Elf:3 Depths:3 Vaults:5)
  7 ironbound thunderhulks (Vaults:1 Vaults:3 Vaults:4)
  6 black draconians (Zot:1 Zot:2 Zot:3 Zot:5 Zig:8)
  7 vampire knights (Crypt:1 Crypt:2 Crypt:3 Depths:2 Depths:3)
  2 halazid warlocks (Desolation)
  28 lorocyprocas (Abyss:2 Depths:1 Zig:11 Pan)
  10 red draconians (Zot:1 Zot:2 Zot:4 Zot:5 Zig:8)
  A minotaur (Gauntlet)
  9 entropy weavers (Spider:1 Spider:3 Spider:4 Vaults:3 Zig:12)
  6 spark wasps (Spider:3 Spider:4 Depths:1 Depths:3)
  12 yellow draconians (Zot:1 Zot:2 Zot:4 Zot:5)
  3 bunyips (Swamp:1 Swamp:2 Swamp:3)
  6 deep elf annihilators (Elf:3 Pan)
  10 white draconians (Depths:4 Zot:1 Zot:2 Zot:3 Zot:4)
  9 dire elephants (Vaults:1 Vaults:2 Vaults:4)
  16 purple draconians (Depths:4 Zot:1 Zot:2 Zot:3 Zot:4)
  6 eidola (Vaults:3 Crypt:1 Crypt:2 Zig:11 Zig:14)
  The ghost of Unforgiven the Spear-Bearer, a journeyman VSFi of Fedhas (Lair:5)
  23 blizzard demons (Depths:1 Hell Pan)
  Snorg (D:11)
  8 deep elf death magi (Elf:3 Vaults:3 Depths:2 Zig:14)
  7 fire dragons (Depths:1 Depths:2 Depths:3 Depths:4)
  25 green deaths (Pan)
  13 ettins (D:15 Depths:1 Depths:2 Depths:3 Vaults:5)
  4 iron golems (Depths:1 Hell)
  9 crystal guardians (Vaults:3 Desolation Crypt:3 Zig:12)
  5 great orbs of eyes (Slime:1 Slime:5 Zig:13)
  A shambling mangrove (Swamp:4)
  Josephine (Lair:3)
  2 deep elf high priests (Elf:3)
  7 mummy priests (Tomb:1 Tomb:2)
  8 jiangshi (Crypt:1 Crypt:2 Depths:4)
  6 ragged hierophants (Desolation)
  7 spriggan zombies (Crypt:2 Hell)
  A caustic shrike simulacrum (Depths:2)
  5 ice dragons (Depths:3 Depths:4)
  18 yaktaur captains (Vaults:1 Vaults:2 Vaults:3 Vaults:4 Depths:4)
  7 servants of whispers (Desolation)
  24 hydras (Lair:1 Lair:3 Lair:5 Swamp:1 Swamp:2)
  A spriggan air mage (Depths:4)
  3 salamander tyrants (Zig:10)
  12 peacekeepers (Vaults:3 Desolation Vaults:4)
  Erolcha (D:10)
  An ice dragon (shapeshifter) (Depths:3)
  29 vault guards (D:14 Vaults:1 Vaults:2 Vaults:5)
  A spectral tengu (Depths:2)
  6 rakshasas (Depths:1 Depths:3 Pan)
  12 boulder beetles (D:12 Spider:2 Spider:3 Spider:4 D:15)
  6 ironbound frosthearts (Vaults:1 Vaults:2 Vaults:3)
  Harold (D:11)
  A naga warrior (Zig:10)
  5 hell beasts (Depths:1 Pan)
  5 jorogumos (Spider:1 Spider:2 Spider:3 Spider:4)
  5 catoblepae (Lair:5 Lair:4)
  A radroach (Spider:4)
  3 ghost crabs (Swamp:1 Swamp:3)
  5 death knights (D:14 Crypt:1 Crypt:2)
  An ogre mage (Vaults:5)
  12 centaur warriors (D:13 D:14 D:15 Vaults:1 Vaults:3)
  12 alligators (Swamp:1 Swamp:2 Swamp:3 Swamp:4)
  2 two-headed ogres (D:7 Orc:2)
  6 hell hogs (Depths:1 Zig:11 Pan)
  A two-headed ogre (shapeshifter) (Vaults:5)
  A fenstrider witch skeleton (Pan)
  5 tengu warriors (D:13 D:15 Depths:1)
  10 death yaks (Lair:5 Lair:2)
  44 dancing weapons (Elf:1 Elf:2 Elf:3 Crypt:3 Pan)
  16 deep troll earth magi (Depths:1 Depths:2 Depths:4 Vaults:5)
  2 deep troll shamans (Depths:2 Depths:4)
  18 death scarabs (Tomb:1)
  4 titan zombies (Crypt:3 Depths:2 Hell)
  9 vampire magi (Crypt:1 Crypt:2 Depths:2 Depths:3 Depths:4)
  3 naga sharpshooters (Zig:10)
  3 shock serpents (Pan)
  An orc high priest (Zig:4)
  6 spriggan berserkers (Depths:1 Depths:2 Depths:4)
  6 thrashing horrors (Abyss:2 Abyss:4 Zig:11)
  146 sun demons (Depths:4 Hell Depths:1 Pan)
  Urug (Orc:1)
  18 hell knights (Crypt:3 Depths:3 Hell Depths:1)
  Nergalle (D:11)
  A titan skeleton (Depths:2)
  11 iron trolls (Depths:1 Depths:2 Depths:4)
  22 deep elf knights (Elf:1 Elf:2 Elf:3)
  8 shadow wraiths (Pan)
  8 wretched stars (Abyss:3 Zig:11)
  11 pharaoh ants (Spider:3 Spider:4)
  50 soul eaters (Crypt:1 Hell Pan)
  2 sun moths (Spider:3)
  A fire crab (Gauntlet)
  2 spectral spark wasps (Depths:2)
  2 bunyip zombies (Crypt:3)
  32 skeletal warriors (D:11 D:10 Crypt:1 Crypt:3 Tomb:1)
  A spark wasp zombie (Hell)
  18 cherubim (Zig:3 Zig:7 Pan)
  6 flayed ghosts (Crypt:2 Depths:2 Vaults:5 Zig:14)
  3 goliath frogs (Swamp:3)
  44 sixfirhies (Depths:2 Depths:4 Zig:6 Pan)
  4 spatial maelstroms (Abyss:2 Abyss:4 Zig:11)
  7 glowing orange brains (Vaults:1 Depths:1 Depths:3 Slime:4 Zig:13)
  A sea snake (shapeshifter) (Vaults:5)
  2 storm dragon skeletons (Vaults:1 Tomb:1)
  2 orange crystal statues (IceCv Zig:11)
  25 shadow demons (Pan)
  8 steelbarb worms (Spider:1 Spider:3 Spider:4 Spider:2)
  A sea snake (Zig:2)
  A golden dragon zombie (Crypt:3)
  4 orb spiders (Spider:1 Spider:2 Spider:4)
  2 spriggan druids (Swamp:1 Swamp:4)
  67 deep trolls (D:15 Vaults:1 Vaults:2 Vaults:3 Vaults:4)
  A shadow dragon zombie (Crypt:1)
  A naga ritualist (Zig:10)
  11 swamp dragons (Swamp:1 Swamp:2 Swamp:4)
  10 deep elf archers (Elf:1 Elf:2 Elf:3)
  An anaconda zombie (Crypt:2)
  16 lindwurms (Swamp:4 Vaults:1 Vaults:2 Vaults:3 Vaults:4)
  26 starcursed masses (Abyss:2 Abyss:3 Zig:11)
  A kraken simulacrum (Hell)
  A golden dragon skeleton (Depths:1)
  13 phantasmal warriors (D:14 Vaults:3 Crypt:1 Crypt:2 Vaults:5)
  11 wizards (D:12 D:14 Vaults:3 Vaults:4 Pan)
  6 bog bodies (Swamp:1 Swamp:3 Swamp:4 Crypt:1)
  34 deep elf pyromancers (D:15 Elf:1 Elf:2 Elf:3)
  25 necromancers (D:14 D:15 Vaults:1 Vaults:3 Crypt:1)
  3 obsidian statues (Depths:4 Zig:11)
  A tengu zombie (Depths:2)
  A fenstrider witch simulacrum (Hell)
  27 ironbound convokers (Vaults:1 Vaults:2 Vaults:3 Vaults:4 Desolation)
  Pikel (D:6)
  21 deep elf zephyrmancers (Elf:1 Elf:2 Elf:3)
  3 fire giant zombies (Hell)
  A tengu skeleton (Depths:2)
  A wolf spider zombie (Crypt:2)
  3 anaconda skeletons (Hell Pan)
  13 wolf spiders (Spider:1 Spider:3 Spider:2)
  A mana viper (Zig:10)
  A harpy (shapeshifter) (Depths:1)
  4 will-o-the-wisps (Swamp:2 Swamp:4)
  7 manticores (D:11 Lair:5 Lair:4 D:12 D:14)
  2 human zombies (Vaults:3)
  3 orc knights (Orc:1 Zig:4 Zig:9)
  43 ugly things (D:14 D:15 Vaults:1 Vaults:3 Vaults:4)
  A moth of wrath (shapeshifter) (Zig:5)
  3 cyclopes (D:12 D:14)
  3 sphinx skeletons (Depths:1 Depths:2)
  9 orc sorcerers (Orc:1 Orc:2 Elf:2)
  A worldbinder (Abyss:2)
  A shadow dragon skeleton (Depths:2)
  10 elephants (Lair:5)
  6 shining eyes (Slime:4 Slime:5)
  20 moths of wrath (Spider:1 Spider:3 Zot:1 Zot:2 Zot:3)
  A stone giant zombie (Hell)
  16 rust devils (Depths:2 Depths:4 Depths:1 Hell Zig:6)
  2 apocalypse crabs (Gauntlet Zig:11)
  A frost giant zombie (Hell)
  5 guardian serpents (Desolation Zig:10)
  2 black mambas (Lair:4 Zig:10)
  3 eyes of devastation (Slime:5)
  A guardian serpent (shapeshifter) (Depths:1)
  3 stone giant skeletons (Crypt:3 Depths:1 Pan)
  54 smoke demons (Depths:2 Hell Depths:1 Abyss:4 Zig:11)
  18 vault sentinels (Vaults:1 Vaults:2 Vaults:3 Vaults:4 Vaults:5)
  46 orange demons (Depths:4 Pan)
  2 naga magi (Zig:10)
  An ice statue (Zig:11)
  A titan simulacrum (Crypt:1)
  A yaktaur zombie (Vaults:1)
  14 torpor snails (Lair:4 Spider:1 Spider:2 Spider:3 Spider:4)
  Maurice (D:9)
  35 hellions (Abyss:2 Depths:2 Hell Zig:6 Pan)
  A storm dragon simulacrum (Depths:2)
  A centaur zombie (Crypt:1)
  A naga skeleton (Crypt:3)
  A cane toad (shapeshifter) (D:13)
  6 molten gargoyles (Hell Depths:1)
  4 gargoyles (Zig:12)
  A green draconian zombie (Crypt:2)
  11 cane toads (Lair:1 Lair:3 Lair:4 Lair:5)
  8 komodo dragons (D:11 Lair:3 Lair:4 Lair:5)
  A rime drake (shapeshifter) (Depths:1)
  A bunyip simulacrum (Hell)
  7 efreet (D:15 Abyss:2 Pan)
  A rime drake (Lair:5)
  2 sea snake zombies (Hell)
  2 centaur skeletons (Pan)
  2 kobold demonologists (D:9 Abyss:2)
  A spectral glowing shapeshifter (Depths:2)
  12 freezing wraiths (IceCv D:14 Crypt:1 Depths:1 Hell)
  An alligator snapping turtle skeleton (Crypt:3)
  An ancient zyme (Abyss:2)
  7 guardian mummies (Tomb:1 Tomb:2)
  58 demonic crawlers (Spider:2 Spider:3 Spider:4 Pan)
  The ghost of BillyBaka the Trooper, a novice GrMo of Makhleb (D:5)
  2 unseen horrors (D:11 Abyss:2)
  30 yaktaurs (Vaults:1 Vaults:2 Vaults:3 Vaults:4 Vaults:5)
  3 anaconda simulacra (IceCv)
  3 golden dragon simulacra (IceCv Depths:2)
  14 red devils (Depths:2 Depths:4 Hell Pan)
  2 hydra zombies (Hell)
  6 tengu conjurers (D:13 D:15 Depths:1)
  7 ice devils (Gauntlet Pan)
  20 hellwings (Depths:4 Zig:6 Pan)
  A harpy zombie (Crypt:3)
  7 tormentors (Depths:2 Pan)
  A merfolk (Zig:2)
  7 trolls (D:9 D:10 Orc:1 D:12)
  A polar bear (Lair:2)
  10 meliai (Lair:3 Spider:3 Spider:4 Abyss:3)
  A queen bee (shapeshifter) (Elf:3)
  Grinder (D:3)
  17 hornets (D:9 D:10 Lair:3 Swamp:1 Swamp:2)
  2 queen bees (Lair:3 Abyss:3)
  9 tyrant leeches (Swamp:1 Swamp:2 Swamp:3 Swamp:4)
  A hydra skeleton (Hell)
  51 saltlings (Desolation)
  2 harpy skeletons (Abyss:2 Pan)
  An iron dragon simulacrum (Depths:2)
  A raiju (Abyss:2)
  22 tarantellas (Spider:1 Spider:2 Spider:3 Spider:4 Vaults:3)
  3 ettin zombies (Vaults:1 Crypt:1 Hell)
  2 alligator zombies (Crypt:2 Hell)
  9 blink frogs (Lair:4 Lair:5)
  A raiju (shapeshifter) (Depths:1)
  103 slime creatures (Vaults:2 Vaults:4 Slime:1 Slime:2 Slime:3)
  A snapping turtle (Zig:2)
  A snapping turtle (shapeshifter) (Depths:3)
  An ice dragon zombie (Crypt:2)
  28 jumping spiders (Spider:1 Spider:2 Spider:3 Spider:4)
  2 shadows (D:9 D:13)
  2 fire dragon zombies (Crypt:1 Crypt:2)
  A human simulacrum (Vaults:3)
  21 culicivoras (Spider:1 Spider:2 Spider:3 Spider:4)
  96 large abominations (Abyss:2 Abyss:3 Abyss:4 Pan)
  13 spriggans (Swamp:1 Swamp:2 Swamp:3 Swamp:4 Depths:2)
  45 flying skulls (Crypt:2 Crypt:3 Tomb:1 Tomb:2)
  A wyvern (shapeshifter) (Depths:1)
  62 ynoxinuls (Depths:4 Abyss:2 Pan)
  75 yaks (D:8 D:9 D:10 D:11 Lair:2)
  Eustachio (D:4)
  4 water elementals (Elf:2 Elf:3 Depths:3 Hell)
  3 wyverns (D:9 Lair:1)
  50 neqoxecs (Abyss:2 Depths:4 Pan)
  7 wraiths (Lair:2 Lair:3 Vaults:3 Crypt:2)
  2 hogs (Elf:1)
  82 chaos spawn (Depths:4 Zig:5 Pan)
  49 redbacks (Spider:1 Spider:2 Spider:3 Spider:4 Vaults:3)
  Grum (D:9)
  6 ushabtiu (Tomb:2)
  6 basilisks (Lair:1 Lair:3 Lair:4 Lair:5 D:13)
  5 fire elementals (Elf:1 Elf:2)
  2 humans (shapeshifter) (D:13 D:15)
  10 fire bats (Gauntlet Abyss:4 Pan)
  A hog (shapeshifter) (Depths:1)
  18 humans (D:14)
  3 golden eyes (Pan)
  A fire bat zombie (Crypt:1)
  An elf simulacrum (Vaults:3)
  13 vampire mosquitoes (Swamp:1 Swamp:2 D:15)
  A glowing shapeshifter zombie (Depths:2)
  5 wargs (D:10 Orc:2)
  2 harpy simulacra (Crypt:2 Hell)
  A naga zombie (Crypt:3)
  4 acid dragons (D:10 D:11 D:12 D:13)
  Duvessa (D:7)
  3 hydra simulacra (IceCv Hell)
  Menkaure (D:6)
  24 swamp worms (Lair:2 Lair:3 Swamp:1 Swamp:2 Swamp:3)
  Edmund (D:6)
  2 floating eyes (Depths:3 Depths:4)
  7 hell hounds (Elf:1 Hell Depths:1)
  16 water moccasins (D:6 D:9 Lair:2 Lair:3 Lair:4)
  A cane toad zombie (Crypt:2)
  A floating eye (shapeshifter) (Vaults:3)
  6 swamp drakes (Swamp:1 Swamp:4)
  6 glowing shapeshifter skeletons (Vaults:1 Vaults:3 Depths:1 Depths:2)
  An ogre skeleton (Vaults:1)
  A meliai simulacrum (D:15)
  16 orc warriors (D:10 Orc:1 Orc:2 D:14 Zig:4)
  An ice beast (shapeshifter) (Depths:1)
  3 black bears (D:5 D:9)
  A swamp dragon zombie (Crypt:2)
  3 spriggan simulacra (Depths:2)
  2 ice beasts (D:8 Abyss:4)
  14 wolves (D:9 Lair:1 Lair:4)
  An alligator simulacrum (IceCv)
  2 centaurs (D:8 D:10)
  3 ogres (D:3 Orc:1 Zig:4)
  3 boggarts (Vaults:1)
  A centaur (shapeshifter) (Depths:1)
  A hog zombie (Crypt:2)
  2 lemures (D:6)
  2 phantoms (D:6)
  A kobold brigand (D:9)
  5 earth elementals (Elf:1)
  A gnoll sergeant (D:9)
  8 bullfrogs (D:8 D:9 Lair:1 Lair:2 Lair:4)
  A glowing shapeshifter simulacrum (Depths:2)
  3 necrophages (D:6 Crypt:1)
  3 scorpions (D:5 D:7)
  Dowan (D:7)
  31 killer bees (D:7 Lair:3)
  A lindwurm simulacrum (IceCv)
  An orc simulacrum (Vaults:1)
  4 small abominations (Abyss:2 Abyss:4)
  8 spriggan skeletons (Crypt:1 Crypt:2 Crypt:3 Depths:2 Pan)
  2 polar bear skeletons (Crypt:1)
  6 electric eels (D:7 Lair:5)
  7 howler monkeys (D:5 D:7 D:9 D:10)
  2 hounds (D:4 D:7)
  Crazy Yiuf (D:4)
  3 gnoll boudas (D:8 Zig:4)
  8 orc priests (D:7 D:8 D:10 Orc:1)
  An iron imp (Pan)
  A jelly (D:4)
  3 iguanas (D:4 D:5 D:7)
  Ijyb (D:3)
  Terence (D:3)
  34 orc wizards (D:5 D:7 D:8 Orc:1 Orc:2)
  A killer bee zombie (Crypt:2)
  An ogre zombie (Crypt:1)
  16 mummies (Tomb:1 Tomb:2)
  A howler monkey zombie (Crypt:1)
  18 gnolls (D:5 D:4 D:6 D:8 D:9)
  6 adders (D:3 D:4 D:5)
  A river rat (D:5)
  7 white imps (D:5 D:7 Gauntlet Abyss:2)
  3 ufetubi (D:5 Abyss:2)
  An iguana zombie (Crypt:1)
  2 worms (D:3 D:4)
  4 dart slugs (D:1 D:3 D:4)
  71 orcs (D:3 D:4 D:5 D:7 D:8)
  2 ball pythons (D:3)
  3 bats (D:1 D:3)
  5 endoplasms (D:1 D:3)
  9 giant cockroaches (D:1 D:3 D:4 D:5)
  6 goblins (D:1 D:3)
  3 hobgoblins (D:1 D:4)
  A hobgoblin (shapeshifter) (Depths:1)
  2 jackals (D:5)
  11 kobolds (D:1 D:2 D:3 D:4 D:9)
  4 quokkas (D:1 D:4)
  A river rat zombie (Crypt:1)
  7 frilled lizards (D:1 D:3)
  A frilled lizard (shapeshifter) (Depths:1)
  A frilled lizard skeleton (Crypt:2)
  A quokka skeleton (Crypt:1)
  9 rats (D:2 D:3)
  2 ball lightnings (Pan)
  A butterfly (Lair:4)
  A starspawn tentacle (Abyss:4)
  A tentacle (Hell)
4111 creatures vanquished.

Vanquished Creatures (collateral kills)
  2 ancient champions (Tomb:1)
  4 sphinxes (Tomb:1)
  2 cacodemons (Pan)
  A vault warden (Vaults:5)
  A very ugly thing (Vaults:5)
  A stone giant (Vaults:5)
  3 mummy priests (Tomb:1)
  A yaktaur captain (Vaults:5)
  7 death scarabs (Tomb:1)
  2 sixfirhies (Pan)
  3 deep trolls (Vaults:5)
  2 death scarab zombies (Tomb:1)
  2 orange demons (Pan)
  A yaktaur (Vaults:5)
  5 guardian mummies (Tomb:1)
  12 flying skulls (Tomb:1)
  3 mummies (Tomb:1)
52 creatures vanquished.

Vanquished Creatures (others)
  A pandemonium lord (Pan)
  A tentacled monstrosity (Zot:4)
  An eldritch tentacle (Pan)
  A tentacled starspawn (Abyss:4)
  A demonspawn blood saint (Pan)
  An ogre mage (Zig:9)
  A titan zombie (Vaults:5)
  A hell hog (Hell)
  A storm dragon zombie (Vaults:5)
  A shadow demon (Pan)
  2 ironbound convokers (Vaults:3 Vaults:5)
  A deep elf zephyrmancer (Elf:1)
  9 death scarab zombies (Tomb:1)
  2 guardian serpents (Desolation Zig:10)
  A smoke demon (Pan)
  A torpor snail (Spider:1)
  2 yaktaurs (Vaults:5)
  28 human zombies (Vaults:5 Hell)
  A saltling (Desolation)
  2 ettin zombies (Vaults:5)
  A fire elemental (Elf:1)
  2 humans (Elf:1)
  An ogre zombie (Vaults:5)
  An orc wizard (D:8)
  4 ball lightnings (Pan)
  4 demonic plants (Pan)
  6 foxfires (Swamp:4)
  31 fungi (D:9 Lair:5)
  A lurking horror (Abyss:4)
  76 plants (D:7 D:9 Lair:2 Lair:3 Lair:5)
  7 starspawn tentacles (Abyss:2 Abyss:4 Zig:11)
  3 tentacles (Hell)
  2 withered plants (Crypt:2)
198 creatures vanquished.

Grand Total: 4361 creatures vanquished

Table legend: (Time is in decaauts)
 A = Elapsed time spent in this place.
 B = Non-inter-level travel time spent in this place.
 C = Inter-level travel time spent in this place.
 D = Time resting spent in this place.
 E = Time spent auto-exploring this place.
 F = Levels seen in this place.
 G = Mean time per level.
                   A        B        C        D        E       F      G
               +--------+--------+--------+--------+--------+-----+--------+
         Total | 125819 | 113115 |  12704 |  27862 |  46517 | 102 | 1233.5 |
       Dungeon |  19808 |  16748 |   3060 |   3864 |   8266 |  15 | 1320.5 |
        Temple |    244 |    204 |     40 |      0 |    199 |   1 |  244.0 |
          Lair |   9935 |   8235 |   1700 |   2382 |   4047 |   5 | 1987.0 |
         Swamp |   4356 |   4099 |    257 |   1347 |   1826 |   4 | 1089.0 |
   Spider Nest |   6884 |   6019 |    865 |   1613 |   3117 |   4 | 1721.0 |
    Slime Pits |   4079 |   3770 |    309 |    860 |   1838 |   5 |  815.8 |
  Orcish Mines |   3064 |   2443 |    621 |    601 |   1256 |   2 | 1532.0 |
   Elven Halls |   4938 |   4614 |    324 |    714 |   2454 |   3 | 1646.0 |
        Vaults |  10099 |   8180 |   1919 |    642 |   5542 |   5 | 2019.8 |
         Crypt |   5251 |   4377 |    874 |    291 |   2345 |   3 | 1750.3 |
          Tomb |   2201 |   1872 |    329 |    390 |    538 |   2 | 1100.5 |
        Depths |  13745 |  11810 |   1935 |   5251 |   3893 |   4 | 3436.2 |
          Hell |    798 |    777 |     21 |      0 |    486 |   1 |  798.0 |
           Zot |   9260 |   8815 |    445 |   2464 |   3463 |   5 | 1852.0 |
         Abyss |    767 |    767 |      0 |     33 |      0 |   4 |  191.8 |
   Pandemonium |  26258 |  26258 |      0 |   6035 |   6867 |  21 | 1250.4 |
      Ziggurat |   2204 |   2204 |      0 |   1029 |     59 |  14 |  157.4 |
         Trove |     46 |     46 |      0 |      0 |      0 |   1 |   46.0 |
      Ice Cave |    246 |    246 |      0 |    158 |      0 |   1 |  246.0 |
    Desolation |   1018 |   1018 |      0 |    143 |     95 |   1 | 1018.0 |
      Gauntlet |    609 |    609 |      0 |     43 |    225 |   1 |  609.0 |
               +--------+--------+--------+--------+--------+-----+--------+

Top non-repeatable levels by time:
Depths:1: 6070 daAuts
Depths:2: 2965 daAuts
   Zot:5: 2795 daAuts
Spider:3: 2670 daAuts
Depths:4: 2583 daAuts
  Lair:3: 2534 daAuts
Vaults:1: 2530 daAuts
   Zot:4: 2485 daAuts
  Lair:5: 2362 daAuts
    D:10: 2275 daAuts
 Crypt:3: 2251 daAuts
Vaults:3: 2208 daAuts
Spider:1: 2162 daAuts
     D:4: 2128 daAuts
Depths:3: 2126 daAuts

Table legend:
 A = Non-vault XP
 B = Vault XP
 C = Vault XP percentage of total XP
 D = Non-vault monster count
 E = Vault monster count
 F = Vault count percentage of total count
                 A         B        C        D         E       F
            +---------+---------+-------+---------+---------+-------
      Total | 1684984 | 1235257 |  42.3 |    2644 |    1499 |  36.2
            +---------+---------+-------+---------+---------+-------
        D:1 |      34 |       0 |   0.0 |      17 |       0 |   0.0
        D:2 |       4 |       0 |   0.0 |       4 |       0 |   0.0
        D:3 |     176 |     410 |  70.0 |      21 |      20 |  48.8
        D:4 |     122 |     318 |  72.3 |      12 |       7 |  36.8
        D:5 |     567 |     383 |  40.3 |      25 |       4 |  13.8
        D:6 |     391 |    1001 |  71.9 |       6 |       4 |  40.0
        D:7 |    1735 |     226 |  11.5 |      24 |       2 |   7.7
        D:8 |    1519 |       0 |   0.0 |      16 |       0 |   0.0
        D:9 |    3085 |    2140 |  41.0 |      19 |      14 |  42.4
       D:10 |    3039 |    1082 |  26.3 |      16 |       5 |  23.8
       D:11 |    5943 |    2568 |  30.2 |      12 |       3 |  20.0
       D:12 |    5295 |       0 |   0.0 |      12 |       0 |   0.0
       D:13 |    4010 |       0 |   0.0 |       9 |       0 |   0.0
       D:14 |   14390 |    7741 |  35.0 |      25 |      25 |  50.0
       D:15 |    9146 |    3921 |  30.0 |      18 |       6 |  25.0
     Lair:1 |    4225 |       0 |   0.0 |      13 |       0 |   0.0
     Lair:2 |    5585 |     688 |  11.0 |      13 |       4 |  23.5
     Lair:3 |    2481 |    8728 |  77.9 |       7 |      52 |  88.1
     Lair:4 |    7105 |    2707 |  27.6 |      32 |       4 |  11.1
     Lair:5 |   14262 |   12284 |  46.3 |      47 |      30 |  39.0
    Swamp:1 |   14156 |       0 |   0.0 |      27 |       0 |   0.0
    Swamp:2 |   12704 |       0 |   0.0 |      30 |       0 |   0.0
    Swamp:3 |   15063 |    1696 |  10.1 |      24 |       2 |   7.7
    Swamp:4 |   10119 |   16719 |  62.3 |      18 |      26 |  59.1
   Spider:1 |   18165 |    1660 |   8.4 |      57 |       3 |   5.0
   Spider:2 |   10859 |    4264 |  28.2 |      27 |       6 |  18.2
   Spider:3 |   26198 |   14442 |  35.5 |      57 |      18 |  24.0
   Spider:4 |   11063 |   14173 |  56.2 |      26 |      17 |  39.5
    Slime:1 |   12412 |       0 |   0.0 |      29 |       0 |   0.0
    Slime:2 |    8487 |       0 |   0.0 |      14 |       0 |   0.0
    Slime:3 |   12321 |       0 |   0.0 |      27 |       0 |   0.0
    Slime:4 |   15894 |    7574 |  32.3 |      32 |       1 |   3.0
    Slime:5 |    8895 |   23956 |  72.9 |      15 |      17 |  53.1
      Orc:1 |    2678 |     780 |  22.6 |      34 |       1 |   2.9
      Orc:2 |    1607 |    6685 |  80.6 |      19 |      57 |  75.0
      Elf:1 |   18323 |   15704 |  46.2 |      30 |      31 |  50.8
      Elf:2 |   21172 |   24496 |  53.6 |      33 |      31 |  48.4
      Elf:3 |   15124 |   25222 |  62.5 |      23 |      22 |  48.9
   Vaults:1 |   50446 |   22519 |  30.9 |      69 |      30 |  30.3
   Vaults:2 |   11157 |   16934 |  60.3 |      16 |      20 |  55.6
   Vaults:3 |   19387 |   23974 |  55.3 |      31 |      32 |  50.8
   Vaults:4 |   18615 |   29187 |  61.1 |      27 |      35 |  56.5
   Vaults:5 |   25002 |   95983 |  79.3 |      33 |      89 |  73.0
    Crypt:1 |   31825 |    5623 |  15.0 |      52 |       7 |  11.9
    Crypt:2 |   15462 |    3523 |  18.6 |      31 |       1 |   3.1
    Crypt:3 |       0 |   60164 | 100.0 |       0 |      92 | 100.0
     Tomb:1 |   18007 |   38625 |  68.2 |      38 |      35 |  47.9
     Tomb:2 |    5194 |   23778 |  82.1 |      10 |      32 |  76.2
   Depths:1 |   39042 |   49720 |  56.0 |      56 |      53 |  48.6
   Depths:2 |   31903 |   35959 |  53.0 |      41 |      53 |  56.4
   Depths:3 |   15958 |   23306 |  59.4 |      16 |      18 |  52.9
   Depths:4 |   32592 |   28264 |  46.4 |      37 |      36 |  49.3
       Hell |   13848 |   21054 |  60.3 |      21 |      40 |  65.6
      Zot:1 |   30890 |   19767 |  39.0 |      26 |       9 |  25.7
      Zot:2 |   34055 |       0 |   0.0 |      31 |       0 |   0.0
      Zot:3 |   21121 |       0 |   0.0 |      15 |       0 |   0.0
      Zot:4 |   19845 |   33733 |  63.0 |      17 |      20 |  54.1
      Zot:5 |   41623 |  101907 |  71.0 |      31 |      40 |  56.3
    Abyss:2 |   24111 |     224 |   0.9 |      34 |       1 |   2.9
    Abyss:3 |    1433 |    6319 |  81.5 |       9 |      11 |  55.0
    Abyss:4 |    7366 |       0 |   0.0 |      14 |       0 |   0.0
        Pan |  721011 |  335975 |  31.8 |     966 |     313 |  24.5
      Zig:1 |    1097 |       0 |   0.0 |       1 |       0 |   0.0
      Zig:2 |    1274 |       0 |   0.0 |       3 |       0 |   0.0
      Zig:3 |    5154 |       0 |   0.0 |       3 |       0 |   0.0
      Zig:4 |    2776 |       0 |   0.0 |      10 |       0 |   0.0
      Zig:5 |    3954 |       0 |   0.0 |       6 |       0 |   0.0
      Zig:6 |   10162 |       0 |   0.0 |       8 |       0 |   0.0
      Zig:7 |    8649 |       0 |   0.0 |       8 |       0 |   0.0
      Zig:8 |    9664 |       0 |   0.0 |       9 |       0 |   0.0
      Zig:9 |   22324 |       0 |   0.0 |       9 |       0 |   0.0
     Zig:10 |   12602 |       0 |   0.0 |      18 |       0 |   0.0
     Zig:11 |   15954 |    2526 |  13.7 |      32 |       4 |  11.1
     Zig:12 |   20667 |       0 |   0.0 |      20 |       0 |   0.0
     Zig:13 |   17752 |       0 |   0.0 |      21 |       0 |   0.0
     Zig:14 |    4708 |       0 |   0.0 |       5 |       0 |   0.0
      IceCv |       0 |    5540 | 100.0 |       0 |      13 | 100.0
 Desolation |       0 |   45725 | 100.0 |       0 |      91 | 100.0
   Gauntlet |       0 |    3360 | 100.0 |       0 |      12 | 100.0
            +---------+---------+-------+---------+---------+-------
